Workbook
Name __xlnm.Print_Titles_2: #REF!
Name _MDO1: [1]INSUMOS!$C$8
Name _MDO2: [2]INSUMOS!$C$6
Name _R: #REF!
Name _rua1: #REF!
Name AA: [3]CUBACAO!#REF!
Name AAA: [3]CUBACAO!#REF!
Name Ac: #REF!
Name BB: [3]CUBACAO!#REF!
Name BBB: [3]CUBACAO!#REF!
Name BDI: #REF!
Name BDIc: #REF!
Name BDIf: #REF!
Name CC: [3]CUBACAO!#REF!
Name CCC: [3]CUBACAO!#REF!
Name Comp.export: #REF!
Name CONCATENAR: CONCATENATE(#REF!," ",#REF!)
Name CONTEM: #REF!
Name Cot.LP.Banco: #REF!
Name Cot.LP.Cot: #REF!
Name Cot.LP.Cotacao: #REF!
Name Cot.LP.Empresa: #REF!
Name Cot.LP.Indice: #REF!
Name DATABASE: #REF!
Name DATAEMISSAO: #REF!
Name DATART: #REF!
Name DD: [3]CUBACAO!#REF!
Name DDD: [3]CUBACAO!#REF!
Name Df: #REF!
Name E: #REF!
Name EE: [3]CUBACAO!#REF!
Name EEE: [3]CUBACAO!#REF!
Name EMPRESAS: OFFSET(#REF!,1,0):OFFSET(#REF!,-1,0)
Name Excel_BuiltIn_Print_Titles_2_1: #REF!
Name Excel_BuiltIn_Print_Titles_8: '[5]Orçamento Cisterna'!#REF!
Name Fd: #REF!
Name FF: [3]CUBACAO!#REF!
Name FFF: [3]CUBACAO!#REF!
Name FiltroComp: #REF!
Name FiltroCot: #REF!
Name GG: [3]CUBACAO!#REF!
Name GGG: [3]CUBACAO!#REF!
Name HH: [3]CUBACAO!#REF!
Name HHH: [3]CUBACAO!#REF!
Name II: [3]CUBACAO!#REF!
Name III: [3]CUBACAO!#REF!
Name Im: #REF!
Name INDICES: OFFSET(#REF!,1,0):OFFSET(#REF!,-1,0)
Name Io: #REF!
Name ISS: #REF!
Name IT: #REF!
Name item1.1: '[6]COMPOSIÇÃO CUSTO'!#REF!
Name item1.2: '[6]COMPOSIÇÃO CUSTO'!#REF!
Name item1.3: '[6]COMPOSIÇÃO CUSTO'!#REF!
Name item1.4: '[6]COMPOSIÇÃO CUSTO'!#REF!
Name item1.5: '[6]COMPOSIÇÃO CUSTO'!#REF!
Name item1.6: '[6]COMPOSIÇÃO CUSTO'!#REF!
Name item10.1: '[6]COMPOSIÇÃO CUSTO'!#REF!
Name item10.10: '[6]COMPOSIÇÃO CUSTO'!#REF!
Name item10.11: '[6]COMPOSIÇÃO CUSTO'!#REF!

Sheet Memória de Cálculo
A1: Obra: | B1: Pavimentação de Vias no Município de Mogeiro - PB | C1: Valor da Obra:
A2: Endereço da obra: | B2: Diversas Ruas - Bairro Luiz Gonçalves de Lima | C2: 4858903.3
A3: Fonte de dados: | B3: Sinapi - 05/2024 - Paraíba \ Sicro3 - 04/2024 - Paraíba \ DER-PB - abr/jun/2024 | C3: BDI:
A4: Encargos Socias: | B4: Horista: 84,05% Mensalista: 46,32% | C4: =BDI!J28 -> 0.2559 | E4: ESTADO DA PARAÍBA PREFEITURA MUNICIPAL DE MOGEIRO
A5: Contrato: | B5: 1092874-94
A7: MEMÓRIA DE CÁLCULO
A9: ITEM | B9: DESCRIÇÃO | C9: UND | D9: QUANT. | E9: MEMÓRIA DE CÁLCULO
A10: 1 | B10: Trecho da Rua Tereza Vieira
A11: 1.1 | B11: SERVIÇOS PRELIMINARES
A12: 1.1.1 | B12: FORNECIMENTO E INSTALAÇÃO DE PLACA DE OBRA COM CHAPA GALVANIZADA E ESTRUTURA DE MADEIRA. AF_03/2022_PS | C12: m² | D12: 8,0 | E12: = (Para Placa Indicativa da Obra) A=(4,00*2,00) A=(8,00)
A13: 1.1.2 | B13: LOCAÇÃO DE PAVIMENTAÇÃO. | C13: M | D13: 273,8 | E13: = (Comprimento da Rua a ser Pavimentada) C=(273,80)
A14: 1.2 | B14: TERRAPLANAGEM
A15: 1.2.1 | B15: REGULARIZAÇÃO DE SUPERFÍCIES COM MOTONIVELADORA. AF_11/2019 | C15: m² | D15: 2.573,72 | E15: = (Comprimento da Rua*Largura)+(Área de Calçadas) A=((273,80*7,00)+(((273,80)*1,20)*2)) A=(2.573,72)
A16: 1.3 | B16: PAVIMENTAÇÃO
A17: 1.3.1 | B17: ASSENTAMENTO DE GUIA (MEIO-FIO) EM TRECHO RETO, CONFECCIONADA EM CONCRETO PRÉ-FABRICADO, DIMENSÕES 100X15X13X30 CM (COMPRIMENTO X BASE INFERIOR X BASE SUPERIOR X ALTURA). AF_01/2024 | C17: M | D17: 547,6 | E17: = M= (Comprimento da Rua*2 lados) M= (273,80*2,00) M= (547,60)
A18: 1.3.2 | B18: EXECUÇÃO DE PAVIMENTO EM PARALELEPÍPEDOS, REJUNTAMENTO COM ARGAMASSA TRAÇO 1:3 (CIMENTO E AREIA). AF_05/2020 | C18: m² | D18: 1.916,6 | E18: = (Comprimento da Rua*Largura) A=(273,80*7,00) A=(1.916,60)
A19: 1.3.3 | B19: EXECUÇÃO DE PASSEIO (CALÇADA) OU PISO DE CONCRETO COM CONCRETO MOLDADO IN LOCO, FEITO EM OBRA, ACABAMENTO CONVENCIONAL, NÃO ARMADO. AF_08/2022 | C19: m³ | D19: 37,71 | E19: = Obs: Já está sendo descontada a largura (15 cm) do meio-fio da Calçada Fórmula => (Comprimento x Largura x 2 Lados)-((Área de Rampa)*Qtde)-(Abertura de Ruas)x(Espessura da Calçada)-(Desconto do Piso Podotatil) V=((((273,80)*1,20)*2,00)-((6,90*1,20)*8,00))*0,07)-(121,70*0,03)) V=(37,71)
A20: 1.3.4 | B20: Rampas de acessibilidade utilizadas nas pavimentações (utilizadas em calçadas com largura de 1,50 metros) | C20: unid | D20: 8,0 | E20: = Q= (Quantidades de rampas) Q= (8,00 unidades)
A21: 1.3.5 | B21: Piso podotátil de concreto - DIRECIONAL E ALERTA, *25 X 25* CM | C21: M² | D21: 121,7 | E21: = Fórmula = (Comprimento da Rua + Comprimento da abertura x Largura da Placa x 2 Lados)-(Comprimento da Rampa x Largura da Placa x Quantidade de Rampas) A=(((273,80)*0,25)*2,00)-((7,60*0,25)*8,00)) A=(121,70)
A22: 1.3.6 | B22: Limpeza de ruas (varrição e remoção de entulhos) | C22: M² | D22: 1.916,6 | E22: = (Comprimento da Rua*Largura) A=(273,80*7,00) A=(1.916,60)
A23: 1.3.7 | B23: FORNECIMENTO E APLICAÇÃO DE MEIO FIO EM PEDRA GRANÍTICA. | C23: M | D23: 7,0 | E23: = M= (Cinturão de Travamento) M= (7,00)
A24: 1.4 | B24: SINALIZAÇÃO VIÁRIA
A25: 1.4.1 | B25: PINTURA DE MEIO-FIO COM TINTA BRANCA A BASE DE CAL (CAIAÇÃO). AF_05/2021 | C25: M | D25: 547,6 | E25: = M= (Comprimento da Rua*2 lados) M= (273,80*2,00) M= (547,60)
A26: 1.4.2 | B26: PLACA ESMALTADA PARA IDENTIFICAÇÃO NR DE RUA, DIMENSÕES 45X25 CM | C26: UNID | D26: 2,0 | E26: = (Quantidades de placas de rua) Q=(2,00 unidades)
A27: 1.4.3 | B27: Placa em aço nº 16 galvanizado com película retrorrefletiva tipo I + III - confecção | C27: m² | D27: 1,02 | E27: = A=(Areá das PLACAS DE PARE) + (Limite de velocidade) A=((8*0,35*0,42/2)*1)+(0,44*1) A=(1,02)
A28: 1.4.4 | B28: Suporte para placa de sinalização em madeira de lei tratada 8 x 8 cm - fornecimento e implantação | C28: un | D28: 4,0 | E28: = (Quantidade de suporte de placas de PARE + Suporte das Placas de Rua + Suporte das Placas de Limite de Velocidade) Q=(1,00+2,00+1,00) Q=(4,00 unidades)
A29: 1.5 | B29: DRENAGEM
A30: 1.5.1 | B30: LOCAÇÃO DE REDE DE ÁGUA OU ESGOTO. AF_03/2024 | C30: M | D30: 50,74 | E30: = Comprimento tubo 400 mm + Comprimento tubo 600 mm C=((4,00+4,00) + (42,74)) C=((8,00)+(42,74)) C=(50,74)
A31: 1.5.2 | B31: ESCAVAÇÃO MECANIZADA DE VALA COM PROFUNDIDADE MAIOR QUE 1,5 M ATÉ 3,0 M (MÉDIA MONTANTE E JUSANTE/UMA COMPOSIÇÃO POR TRECHO), RETROESCAV (0,26 M3), LARGURA DE 0,8 M A 1,5 M, EM SOLO DE 1A CATEGORIA, LOCAIS COM BAIXO NÍVEL DE INTERFERÊNCIA. AF_02/2021 | C31: m³ | D31: 95,18 | E31: = V=(Comprimentos do tubos * Largura * altura)+(comprimento do poço de visita * largura * altura)+(Comprimento das bocas de lobo * largura * altura) V=(8,00*0,8*1,20)+(42,74*1,20*1,50)+(1,40*1,00*1,20*2)+(1,20*1,60*1,50)+(1,20*1,60*2,26) V=((7,68)+(76,93)+(3,36)+(2,88)+(4,33)) V=(95,18)
A32: 1.5.3 | B32: ESCORAMENTO DE VALA, TIPO PONTALETEAMENTO, COM PROFUNDIDADE DE 0 A 1,5 M, LARGURA MENOR QUE 1,5 M. AF_08/2020 | C32: m² | D32: 152,22 | E32: = E= (comprimento da tubulação *2 lados )* altura E=(50,74*2)*1,50 E=(152,22)
A33: 1.5.4 | B33: BASE PARA POÇO DE VISITA CIRCULAR PARA DRENAGEM, EM CONCRETO PRÉ-MOLDADO, DIÂMETRO INTERNO = 1,20 M, PROFUNDIDADE = 1,60 M, EXCLUINDO TAMPÃO. AF_05/2021_PA | C33: UN | D33: 2,0 | E33: = Quantidades de poços de visita Q=(2,00)
A34: 1.5.5 | B34: TAMPA CIRCULAR PARA ESGOTO E DRENAGEM, EM FERRO FUNDIDO, DIÂMETRO INTERNO = 0,6 M. AF_12/2020 | C34: UN | D34: 2,0 | E34: = Quantidades de tampas dos poços de visita Q=(2,00)
A35: 1.5.6 | B35: ACRÉSCIMO PARA POÇO DE VISITA CIRCULAR PARA DRENAGEM, EM CONCRETO PRÉ-MOLDADO, DIÂMETRO INTERNO = 1,2 M. AF_12/2020 | C35: M | D35: 0,66 | E35: = (Profundidade do poço de visita com o diametro de 1,20m - profundidade total do poço de visita) M=(2,26-1,60) M=(0,66)
A36: 1.5.7 | B36: CAIXA COM GRELHA SIMPLES RETANGULAR, EM CONCRETO PRÉ-MOLDADO, DIMENSÕES INTERNAS: 0,6X1,0X1,0 M. AF_12/2020 | C36: UN | D36: 2,0 | E36: = Quantidades de Bocas de Lobo-SIMPLES Q=(2,00)
A37: 1.5.8 | B37: COLCHÃO DE AREIA | C37: m³ | D37: 4,61 | E37: = C= comprimento de tubulação * largura da vala* espessura do colchão de areia C=(8,00*0,80*0,08)+(42,74*1,20*0,08) C=(0,512+4,10) C=(4,61)
A38: 1.5.9 | B38: TUBO DE CONCRETO (SIMPLES) PARA REDES COLETORAS DE ÁGUAS PLUVIAIS, DIÂMETRO DE 400 MM, JUNTA RÍGIDA, INSTALADO EM LOCAL COM BAIXO NÍVEL DE INTERFERÊNCIAS - FORNECIMENTO E ASSENTAMENTO. AF_03/2024 | C38: M | D38: 8,0 | E38: = Comprimento tubo 400mm C=(4,00+4,00) C=(8,00)
A39: 1.5.10 | B39: TUBO DE CONCRETO PARA REDES COLETORAS DE ÁGUAS PLUVIAIS, DIÂMETRO DE 600 MM, JUNTA RÍGIDA, INSTALADO EM LOCAL COM BAIXO NÍVEL DE INTERFERÊNCIAS - FORNECIMENTO E ASSENTAMENTO. AF_03/2024 | C39: M | D39: 42,75 | E39: = Comprimento tubo 600mm C= (42,74)
A40: 1.5.11 | B40: REATERRO MECANIZADO DE VALA COM ESCAVADEIRA HIDRÁULICA (CAPACIDADE DA CAÇAMBA: 0,8 M³/POTÊNCIA: 111 HP), LARGURA 1,5 A 2,5 M, PROFUNDIDADE 1,5 A 3,0 M, COM SOLO (SEM SUBSTITUIÇÃO) DE 1ª CATEGORIA, COM COMPACTADOR DE SOLOS DE PERCUSSÃO. AF_08/2023 | C40: m³ | D40: 71,3 | E40: = Fórmula=> ((VOLUME DE ESCAVAÇÃO DO TUBO 400mm-(ÁREA DO TUBO*COMPRIMENTO))+((VOLUME DE ESCAVAÇÃO DO TUBO 600mm-(ÁREA DO TUBO*COMPRIMENTO)) V=((7,68)-(0,13*8,00))+((76,93)-(0,28*42,74)) V=((6.64)+(64,66)) V=(71,30)
A41: 2 | B41: Rua Projetada 10A
A42: 2.1 | B42: SERVIÇOS PRELIMINARES
A43: 2.1.1 | B43: LOCAÇÃO DE PAVIMENTAÇÃO. | C43: M | D43: 159,1 | E43: = (Comprimento da Rua a ser Pavimentada) C=(159,10)
A44: 2.2 | B44: TERRAPLANAGEM
A45: 2.2.1 | B45: REGULARIZAÇÃO DE SUPERFÍCIES COM MOTONIVELADORA. AF_11/2019 | C45: m² | D45: 1.474,18 | E45: = (Comprimento da Rua*Largura)+(Área de Calçadas)-(Abertura de Ruas) A=(((159,10*7,00)+((159,10*1,20)*2))-(17,80*1,20)) A=(1.474,18)
A46: 2.2.2 | B46: DEMOLIÇÃO DE PISO DE CONCRETO SIMPLES, DE FORMA MANUAL, SEM REAPROVEITAMENTO. AF_09/2023 | C46: m³ | D46: 1,84 | E46: = D=(Área de calçada a demolir * Altura) D=(9,21*0,20) D=(1,84)
A47: 2.3 | B47: PAVIMENTAÇÃO
A48: 2.3.1 | B48: ASSENTAMENTO DE GUIA (MEIO-FIO) EM TRECHO RETO, CONFECCIONADA EM CONCRETO PRÉ-FABRICADO, DIMENSÕES 100X15X13X30 CM (COMPRIMENTO X BASE INFERIOR X BASE SUPERIOR X ALTURA), PARA VIAS URBANAS (USO VIÁRIO). AF_06/2016 | C48: M | D48: 300,4 | E48: = M= ((Comprimento da Rua*2 lados)-(Abertura de Rua)) M= ((159,10*2,00)-(17,80)) M= (300,40)
A49: 2.3.2 | B49: EXECUÇÃO DE PAVIMENTO EM PARALELEPÍPEDOS, REJUNTAMENTO COM ARGAMASSA TRAÇO 1:3 (CIMENTO E AREIA). AF_05/2020 | C49: m² | D49: 1.113,7 | E49: = (Comprimento da Rua*Largura) A=(159,10*7,00) A=(1.113,70)
A50: 2.3.3 | B50: EXECUÇÃO DE PASSEIO (CALÇADA) OU PISO DE CONCRETO COM CONCRETO MOLDADO IN LOCO, FEITO EM OBRA, ACABAMENTO CONVENCIONAL, NÃO ARMADO. AF_07/2016 | C50: m³ | D50: 19,32 | E50: = Obs: Já está sendo descontada a largura (15 cm) do meio-fio da Calçada Fórmula => (Comprimento x Largura x 2 Lados)-((Área de Rampa)*Qtde)-(Abertura de Ruas)x(Espessura da Calçada)-(Desconto do Piso Podotatil) V=((((((159,10)*1,20)*2,00)-((6,90*1,20)*7,00))-(17,80*1,20))*0,07)-(61,80*0,03)) V=(19,32)
A51: 2.3.4 | B51: Rampas de acessibilidade utilizadas nas pavimentações (utilizadas em calçadas com largura de 1,50 metros) | C51: unid | D51: 7,0 | E51: = Q= (Quantidades de rampas) Q= (7,00 unidades)
A52: 2.3.5 | B52: Piso podotátil de concreto - DIRECIONAL E ALERTA, *25 X 25* CM | C52: M² | D52: 61,8 | E52: = Fórmula = (Comprimento da Rua x Largura da Placa x 2 Lados)-(Comprimento da Rampa x Largura da Placa x Quantidade de Rampas)-(Abertura de Ruas x Largura da Placa) A=(((159,10*0,25)*2,00)-((7,60*0,25)*7,00)-(17,80*0,25)) A=(61,80)
A53: 2.3.6 | B53: Limpeza de ruas (varrição e remoção de entulhos) | C53: M² | D53: 1.113,7 | E53: = (Comprimento da Rua*Largura) A=(159,10*7,00) A=(1.113,70)
A54: 2.3.7 | B54: FORNECIMENTO E APLICAÇÃO DE MEIO FIO EM PEDRA GRANÍTICA. | C54: M | D54: 19,8 | E54: = M= (Cinturão de Travamento) M= (5,80+7,00+7,00) M= (19,80)
A55: 2.4 | B55: SINALIZAÇÃO VIÁRIA
A56: 2.4.1 | B56: PINTURA DE MEIO-FIO COM TINTA BRANCA A BASE DE CAL (CAIAÇÃO). AF_05/2021 | C56: M | D56: 300,4 | E56: = M= ((Comprimento da Rua*2 lados)-(Abertura de Rua)) M= ((159,10*2,00)-(17,80)) M= (300,40)
A57: 2.4.2 | B57: PLACA ESMALTADA PARA IDENTIFICAÇÃO NR DE RUA, DIMENSÕES 45X25 CM | C57: UNID | D57: 2,0 | E57: = (Quantidades de placas de rua) Q=(2,00 unidades)
A58: 2.4.3 | B58: Confecção de placa em aço nº 16 galvanizado, com película retrorrefletiva tipo I + III | C58: m² | D58: 2,2 | E58: = A=(Areá das PLACAS DE PARE) + (Limite de velocidade) A=(8*0,35*0,42/2)*3)+(0,44*1) A=(2,20)
A59: 2.4.4 | B59: Fornecimento e implantação de suporte e travessa para placa de sinalização em madeira de lei tratada 8 x 8 cm | C59: un | D59: 6,0 | E59: = (Quantidade de suporte de placas de PARE + Suporte das Placas de Rua + Suporte das Placas de Limite de Velocidade) Q=(3,00+2,00+1,00) Q=(6,00 unidades)
A60: 2.5 | B60: DRENAGEM
A61: 2.5.1 | B61: LOCAÇÃO DE REDE DE ÁGUA OU ESGOTO. AF_03/2024 | C61: M | D61: 148,81 | E61: = Comprimento tubo 400 mm + Comprimento tubo 600 mm C=((2,17+2,17+3,47+3,47)+(13,79+50,00+50,00+23,74)) C=(11,28)+(137,53) C=(148,81)
A62: 2.5.2 | B62: ESCAVAÇÃO MECANIZADA DE VALA COM PROFUNDIDADE MAIOR QUE 1,5 M ATÉ 3,0 M (MÉDIA MONTANTE E JUSANTE/UMA COMPOSIÇÃO POR TRECHO), RETROESCAV (0,26 M3), LARGURA DE 0,8 M A 1,5 M, EM SOLO DE 1A CATEGORIA, LOCAIS COM BAIXO NÍVEL DE INTERFERÊNCIA. AF_02/2021 | C62: m³ | D62: 281,05 | E62: = V=(Comprimentos do tubos * Largura * altura)+(Comprimento das bocas de lobo * largura * altura)+(comprimento do poço de visita * largura * altura) V=(11,28*0,8*1,20)+(137,53*1,20*1,50)+(1,40*1,00*1,20*4)+(1,20*1,60*1,50*2,00)+(1,20*1,60*3,06)+(1,20*1,60*2,26) V=((10,82)+(247,55)+(6,72)+(5,76)+(5,87)+(4,33)) V=(281,05)
A63: 2.5.3 | B63: ESCORAMENTO DE VALA, TIPO PONTALETEAMENTO, COM PROFUNDIDADE DE 0 A 1,5 M, LARGURA MENOR QUE 1,5 M. AF_08/2020 | C63: m² | D63: 446,43 | E63: = E= (comprimento da tubulação *2 lados )* altura E=(148,81*2)*1,50 E=(446,43)
A64: 2.5.4 | B64: BASE PARA POÇO DE VISITA CIRCULAR PARA DRENAGEM, EM CONCRETO PRÉ-MOLDADO, DIÂMETRO INTERNO = 1,20 M, PROFUNDIDADE = 1,60 M, EXCLUINDO TAMPÃO. AF_05/2021_PA | C64: UN | D64: 4,0 | E64: = Quantidades de poços de visita Q=(4,00)
A65: 2.5.5 | B65: TAMPA CIRCULAR PARA ESGOTO E DRENAGEM, EM FERRO FUNDIDO, DIÂMETRO INTERNO = 0,6 M. AF_12/2020 | C65: UN | D65: 4,0 | E65: = Quantidades de tampas dos poços de visita Q=(4,00)
A66: 2.5.6 | B66: ACRÉSCIMO PARA POÇO DE VISITA CIRCULAR PARA DRENAGEM, EM CONCRETO PRÉ-MOLDADO, DIÂMETRO INTERNO = 1,2 M. AF_12/2020 | C66: M | D66: 2,12 | E66: = (Profundidade do poço de visita com o diametro de 1,20m - profundidade total do poço de visita) M=((2,26-1,60)+(3,06-1,60)) M=(2,12)
A67: 2.5.7 | B67: CAIXA COM GRELHA SIMPLES RETANGULAR, EM CONCRETO PRÉ-MOLDADO, DIMENSÕES INTERNAS: 0,6X1,0X1,0 M. AF_12/2020 | C67: UN | D67: 4,0 | E67: = Quantidades de Bocas de Lobo-SIMPLES Q=(4,00)
A68: 2.5.8 | B68: COLCHÃO DE AREIA | C68: m³ | D68: 13,92 | E68: = C= comprimento de tubulação * largura da vala* espessura do colchão de areia C=(11,28*0,80*0,08)+(137,53*1,20*0,08) C=(0,72+13,20) C=(13,92)
A69: 2.5.9 | B69: TUBO DE CONCRETO (SIMPLES) PARA REDES COLETORAS DE ÁGUAS PLUVIAIS, DIÂMETRO DE 400 MM, JUNTA RÍGIDA, INSTALADO EM LOCAL COM BAIXO NÍVEL DE INTERFERÊNCIAS - FORNECIMENTO E ASSENTAMENTO. AF_03/2024 | C69: M | D69: 11,28 | E69: = Comprimento tubo 400mm C=((2,17+2,17+3,47+3,47)) C=(11,28)
A70: 2.5.10 | B70: TUBO DE CONCRETO PARA REDES COLETORAS DE ÁGUAS PLUVIAIS, DIÂMETRO DE 600 MM, JUNTA RÍGIDA, INSTALADO EM LOCAL COM BAIXO NÍVEL DE INTERFERÊNCIAS - FORNECIMENTO E ASSENTAMENTO. AF_03/2024 | C70: M | D70: 137,53 | E70: = Comprimento tubo 600mm C= (113,79+50,00+50,00+23,74) C=(137,53)
A71: 2.5.11 | B71: REATERRO MECANIZADO DE VALA COM ESCAVADEIRA HIDRÁULICA (CAPACIDADE DA CAÇAMBA: 0,8 M³/POTÊNCIA: 111 HP), LARGURA 1,5 A 2,5 M, PROFUNDIDADE 1,5 A 3,0 M, COM SOLO (SEM SUBSTITUIÇÃO) DE 1ª CATEGORIA, COM COMPACTADOR DE SOLOS DE PERCUSSÃO. AF_08/2023 | C71: m³ | D71: 218,39 | E71: = Fórmula=> ((VOLUME DE ESCAVAÇÃO DO TUBO 400mm-(ÁREA DO TUBO*COMPRIMENTO))+((VOLUME DE ESCAVAÇÃO DO TUBO 600mm-(ÁREA DO TUBO*COMPRIMENTO)) V=((10,82)-(0,13*11,28))+((247,55)-(0,28*137,53)) V=((9,35)+(209,04)) V=(218,39)
A72: 3 | B72: Rua Projetada 10B
A73: 3.1 | B73: SERVIÇOS PRELIMINARES
A74: 3.1.1 | B74: LOCAÇÃO DE PAVIMENTAÇÃO. | C74: M | D74: 31,5 | E74: = (Comprimento da Rua a ser Pavimentada) C=(31,50)
A75: 3.2 | B75: TERRAPLANAGEM
A76: 3.2.1 | B76: REGULARIZAÇÃO DE SUPERFÍCIES COM MOTONIVELADORA. AF_11/2019 | C76: m² | D76: 264,6 | E76: = (Comprimento da Rua*Largura)+(Área de Calçadas) A=((31,50*6,00)+((31,50*1,20)*2)) A=(264,60)
A77: 3.3 | B77: PAVIMENTAÇÃO
A78: 3.3.1 | B78: ASSENTAMENTO DE GUIA (MEIO-FIO) EM TRECHO RETO, CONFECCIONADA EM CONCRETO PRÉ-FABRICADO, DIMENSÕES 100X15X13X30 CM (COMPRIMENTO X BASE INFERIOR X BASE SUPERIOR X ALTURA), PARA VIAS URBANAS (USO VIÁRIO). AF_06/2016 | C78: M | D78: 63,0 | E78: = M= (Comprimento da Rua*2 lados) M= (31,50*2,00) M= (63,00)
A79: 3.3.2 | B79: EXECUÇÃO DE PAVIMENTO EM PARALELEPÍPEDOS, REJUNTAMENTO COM ARGAMASSA TRAÇO 1:3 (CIMENTO E AREIA). AF_05/2020 | C79: m² | D79: 189,0 | E79: = (Comprimento da Rua*Largura) A=((31,50*6,00) A=(189,00)
A80: 3.3.3 | B80: EXECUÇÃO DE PASSEIO (CALÇADA) OU PISO DE CONCRETO COM CONCRETO MOLDADO IN LOCO, FEITO EM OBRA, ACABAMENTO CONVENCIONAL, NÃO ARMADO. AF_07/2016 | C80: m³ | D80: 3,77 | E80: = Obs: Já está sendo descontada a largura (15 cm) do meio-fio da Calçada Fórmula => (Comprimento x Largura x 2 Lados)-((Área de Rampa)*Qtde)x(Espessura da Calçada)-(Desconto do Piso Podotatil) V=((((((31,50*1,20)*2,00)-((6,90*1,20)*2,00))*0,07)-(11,95*0,03)) V=(3,77)
A81: 3.3.4 | B81: Rampas de acessibilidade utilizadas nas pavimentações (utilizadas em calçadas com largura de 1,50 metros) | C81: unid | D81: 2,0 | E81: = (Quantidades de placas de rua) Q=(2,00 unidades)
A82: 3.3.5 | B82: Piso podotátil de concreto - DIRECIONAL E ALERTA, *25 X 25* CM | C82: M² | D82: 11,95 | E82: = Fórmula = (Comprimento da Rua x Largura da Placa x 2 Lados)-(Comprimento da Rampa x Largura da Placa x Quantidade de Rampas) A=(((31,50*0,25)*2,00)-((7,60*0,25)*2,00)) A=(11,95)
A83: 3.3.6 | B83: Limpeza de ruas (varrição e remoção de entulhos) | C83: M² | D83: 189,0 | E83: = ((Comprimento da Rua*Largura) A=((31,50*6,00) A=(189,00)
A84: 3.3.7 | B84: FORNECIMENTO E APLICAÇÃO DE MEIO FIO EM PEDRA GRANÍTICA. | C84: M | D84: 6,0 | E84: = M= (Cinturão de Travamento) M= (6,00)
A85: 3.4 | B85: SINALIZAÇÃO VIÁRIA
A86: 3.4.1 | B86: PINTURA DE MEIO-FIO COM TINTA BRANCA A BASE DE CAL (CAIAÇÃO). AF_05/2021 | C86: M | D86: 63,0 | E86: = M= (Comprimento da Rua*2 lados) M= (31,50*2,00) M= (63,00)
A87: 3.4.2 | B87: PLACA ESMALTADA PARA IDENTIFICAÇÃO NR DE RUA, DIMENSÕES 45X25 CM | C87: UNID | D87: 2,0 | E87: = (Quantidades de placas de rua) Q=(2,00 unidades)
A88: 3.4.3 | B88: Fornecimento e implantação de suporte e travessa para placa de sinalização em madeira de lei tratada 8 x 8 cm | C88: un | D88: 2,0 | E88: = (Suporte das Placas de Rua) Q=(2,00)
A89: 4 | B89: Rua Projetada 9A
A90: 4.1 | B90: SERVIÇOS PRELIMINARES
A91: 4.1.1 | B91: LOCAÇÃO DE PAVIMENTAÇÃO. | C91: M | D91: 39,8 | E91: = (Comprimento da Rua a ser Pavimentada) C=(39,80)
A92: 4.2 | B92: TERRAPLANAGEM
A93: 4.2.1 | B93: REGULARIZAÇÃO DE SUPERFÍCIES COM MOTONIVELADORA. AF_11/2019 | C93: m² | D93: 334,32 | E93: = (Comprimento da Rua*Largura)+(Área de Calçadas) A=((39,80*6,00)+((39,80*1,20)*2)) A=(334,32)
A94: 4.3 | B94: PAVIMENTAÇÃO
A95: 4.3.1 | B95: ASSENTAMENTO DE GUIA (MEIO-FIO) EM TRECHO RETO, CONFECCIONADA EM CONCRETO PRÉ-FABRICADO, DIMENSÕES 100X15X13X30 CM (COMPRIMENTO X BASE INFERIOR X BASE SUPERIOR X ALTURA), PARA VIAS URBANAS (USO VIÁRIO). AF_06/2016 | C95: M | D95: 79,6 | E95: = M= (Comprimento da Rua*2 lados) M= (39,80*2,00) M= (79,60)
A96: 4.3.2 | B96: EXECUÇÃO DE PAVIMENTO EM PARALELEPÍPEDOS, REJUNTAMENTO COM ARGAMASSA TRAÇO 1:3 (CIMENTO E AREIA). AF_05/2020 | C96: m² | D96: 238,8 | E96: = (Comprimento da Rua*Largura) A=(39,80*6,00) A=(238,80)
A97: 4.3.3 | B97: EXECUÇÃO DE PASSEIO (CALÇADA) OU PISO DE CONCRETO COM CONCRETO MOLDADO IN LOCO, FEITO EM OBRA, ACABAMENTO CONVENCIONAL, NÃO ARMADO. AF_07/2016 | C97: m³ | D97: 5,04 | E97: = Obs: Já está sendo descontada a largura (15 cm) do meio-fio da Calçada Fórmula => (Comprimento x Largura x 2 Lados)-((Área de Rampa)*Qtde)x(Espessura da Calçada)-(Desconto do Piso Podotatil) V=((((((39,80*1,20)*2,00)-((6,90*1,20)*2,00))*0,07)-(16,10*0,03)) V=(5,04)
A98: 4.3.4 | B98: Rampas de acessibilidade utilizadas nas pavimentações (utilizadas em calçadas com largura de 1,50 metros) | C98: unid | D98: 2,0 | E98: = (Quantidades de placas de rua) Q=(2,00 unidades)
A99: 4.3.5 | B99: Piso podotátil de concreto - DIRECIONAL E ALERTA, *25 X 25* CM | C99: M² | D99: 16,1 | E99: = Fórmula = (Comprimento da Rua x Largura da Placa x 2 Lados)-(Comprimento da Rampa x Largura da Placa x Quantidade de Rampas) A=(((39,80*0,25)*2,00)-((7,60*0,25)*2,00)) A=(16,10)
A100: 4.3.6 | B100: Limpeza de ruas (varrição e remoção de entulhos) | C100: M² | D100: 238,8 | E100: = (Comprimento da Rua*Largura) A=(39,80*6,00) A=(238,80)
A101: 4.3.7 | B101: FORNECIMENTO E APLICAÇÃO DE MEIO FIO EM PEDRA GRANÍTICA. | C101: M | D101: 16,82 | E101: = M= (Cinturão de Travamento) M= (8,40+8,42) M= (16,82)
A102: 4.4 | B102: SINALIZAÇÃO VIÁRIA
...

Sheet C.P.U
B3: Obra: | C3: ='Memória de Cálculo'!B1 -> Pavimentação de Vias no Município de Mogeiro - PB | G3: Valor da Obra: | I3: ='Memória de Cálculo'!E4 -> ESTADO DA PARAÍBA PREFEITURA MUNICIPAL DE MOGEIRO
B4: Endereço da obra: | C4: ='Memória de Cálculo'!B2 -> Diversas Ruas - Bairro Luiz Gonçalves de Lima | G4: ='Memória de Cálculo'!C2 -> 4858903.3
B5: Fonte de dados: | C5: ='Memória de Cálculo'!B3 -> Sinapi - 05/2024 - Paraíba \ Sicro3 - 04/2024 - Paraíba \ DER-PB - abr/jun/2024 | G5: BDI:
B6: Encargos Socias: | C6: Horista: 84,05% Mensalista: 46,32% | G6: =BDI!J28 -> 0.2559
B7: Contrato: | C7: ='Memória de Cálculo'!B5 -> 1092874-94
B9: Composições Analíticas com Preço Unitário
B10: 1.1.2 | C10: Código | D10: Banco | E10: Descrição | F10: Tipo | H10: Und | I10: Quant. | J10: Valor Unit | K10: Total
B11: Composição | C11: 105137 | D11: Próprio | E11: LOCAÇÃO DE PAVIMENTAÇÃO. | F11: SERP - SERVIÇOS PRELIMINARES | H11: M | I11: 1 | J11: 0.4 | K11: 0.4
B12: Composição Auxiliar | C12: 105136 | D12: Próprio | E12: LOCAÇÃO DE PONTO PARA REFERÊNCIA TOPOGRÁFICA | F12: SERP - SERVIÇOS PRELIMINARES | H12: UNID | I12: 0.05 | J12: 8.02 | K12: 0.4
F13: MO sem LS => | G13: 0.17 | H13: LS => | I13: 0.14 | J13: MO com LS => | K13: 0.31
F14: Valor do BDI => | G14: 0.10236 | I14: Valor com BDI => | K14: 0.5
B15: Observação:
B16: Baseado no item 9064/SINAPI - 01/2024
B18: 1.3.4 | C18: Código | D18: Banco | E18: Descrição | F18: Tipo | H18: Und | I18: Quant. | J18: Valor Unit | K18: Total
B19: Composição | C19: 9050-Rampa 1,20 | D19: Próprio | E19: Rampas de acessibilidade utilizadas nas pavimentações (utilizadas em calçadas com largura de 1,50 metros) | F19: PAVI - PAVIMENTAÇÃO | H19: unid | I19: 1 | J19: 468.83 | K19: 468.83
B20: Composição Auxiliar | C20: 94963 | D20: SINAPI | E20: CONCRETO FCK = 15MPA, TRAÇO 1:3,4:3,5 (CIMENTO/ AREIA MÉDIA/ BRITA 1) - PREPARO MECÂNICO COM BETONEIRA 400 L. AF_07/2016 | F20: FUES - FUNDAÇÕES E ESTRUTURAS | H20: m³ | I20: 0.51 | J20: 405.34 | K20: 206.72
B21: Composição Auxiliar | C21: 74157/004 | D21: SINAPI | E21: LANCAMENTO/APLICACAO MANUAL DE CONCRETO EM FUNDACOES | F21: FUES - FUNDAÇÕES E ESTRUTURAS | H21: m³ | I21: 0.51 | J21: 114.43 | K21: 58.35
B22: Composição Auxiliar | C22: 74245/001 | D22: SINAPI | E22: PINTURA ACRILICA EM PISO CIMENTADO DUAS DEMAOS | F22: PINT - PINTURAS | H22: m² | I22: 8.28 | J22: 15.64 | K22: 129.49
B23: Composição Auxiliar | C23: 01 | D23: Próprio | E23: PISO PODOTÁTIL EM PLACA CIMENTÍCIA - DIRECIONAL E ALERTA 25X25CM, ASSENTADO COM ARGAMASSA | F23: PAVI - PAVIMENTAÇÃO | H23: m² | I23: 0.98 | J23: 75.79 | K23: 74.27
F24: MO sem LS => | G24: 83.55 | H24: LS => | I24: 70.23 | J24: MO com LS => | K24: 153.78
F25: Valor do BDI => | G25: 119.9736 | I25: Valor com BDI => | K25: 588.8
B26: Observação:
B27: Composição própria
B28: Memorial de cálculo:
B29: ITEM | C29: DESCRIÇÃO | F29: FORMULA | I29: MEMORIA DE CALCULO
B30: 1.1 | C30: CONCRETO FCK = 15MPA, TRAÇO 1:3,4:3,5 (CIMENTO/ AREIA MÉDIA/ BRITA 1) - PREPARO MECÂNICO COM BETONEIRA 400 L. AF_07/2016 | F30: V= COMPRIMENTO DA RAMPA x LARGURA DA RAMPA x ESPESSURA DO CONCRETO DA RAMPA. | I30: V=((6,90*1,05)*0,07) = 0,51m³
B31: 1.2 | C31: LANCAMENTO/APLICACAO MANUAL DE CONCRETO EM FUNDACOES | F31: V= VOLUME DE CONCRETO DA RAMPA | I31: V= 0,51m³
B32: 1.3 | C32: PINTURA ACRILICA EM PISO CIMENTADO DUAS DEMAOS | F32: A= COMPRIMENTO DA RAMPA x LARGURA DA RAMPA | I32: A=(6,90*120) = 8,28m²
B33: 1.4 | C33: PISO PODOTÁTIL EM PLACA CIMENTÍCIA - DIRECIONAL E ALERTA 25X25CM, ASSENTADO COM ARGAMASSA | F33: A= COMPRIMENTO DO PISO PODOTATIL DA RAMPA x LARGURA DA PLACA. | I33: A=((1,50+1,20+1,20)*0,25) = 0,98m²
B35: 1.3.5 | C35: Código | D35: Banco | E35: Descrição | F35: Tipo | H35: Und | I35: Quant. | J35: Valor Unit | K35: Total
B36: Composição | C36: 9050/2 | D36: Próprio | E36: Piso podotátil de concreto - DIRECIONAL E ALERTA, *25 X 25* CM | F36: ASTU - ASSENTAMENTO DE TUBOS E PECAS | H36: M² | I36: 1 | J36: 75.79 | K36: 75.79
B37: Composição Auxiliar | C37: 88309 | D37: SINAPI | E37: PEDREIRO COM ENCARGOS COMPLEMENTARES | F37: SEDI - SERVIÇOS DIVERSOS | H37: H | I37: 0.5 | J37: 21.93 | K37: 10.96
B38: Composição Auxiliar | C38: 88316 | D38: SINAPI | E38: SERVENTE COM ENCARGOS COMPLEMENTARES | F38: SEDI - SERVIÇOS DIVERSOS | H38: H | I38: 0.6 | J38: 17.31 | K38: 10.38
B39: Insumo | C39: 00000370 | D39: SINAPI | E39: AREIA MEDIA - POSTO JAZIDA/FORNECEDOR (RETIRADO NA JAZIDA, SEM TRANSPORTE) | F39: Material | H39: m³ | I39: 0.01 | J39: 120 | K39: 1.2
B40: Insumo | C40: 00001379 | D40: SINAPI | E40: CIMENTO PORTLAND COMPOSTO CP II-32 | F40: Material | H40: KG | I40: 7.5 | J40: 0.7 | K40: 5.25
B41: Insumo | C41: 00000037 | D41: Próprio | E41: PISO PODOTATIL DE CONCRETO - DIRECIONAL E ALERTA, *25 X 25* CM | F41: Material | H41: und | I41: 16 | J41: 3 | K41: 48
F42: MO sem LS => | G42: 8.51 | H42: LS => | I42: 7.16 | J42: MO com LS => | K42: 15.67
F43: Valor do BDI => | G43: 19.394661 | I43: Valor com BDI => | K43: 95.18
B44: Observação:
B45: Baseado no item TCPO - 09620.8.3.1.
B47: 1.3.6 | C47: Código | D47: Banco | E47: Descrição | F47: Tipo | H47: Und | I47: Quant. | J47: Valor Unit | K47: Total
B48: Composição | C48: 152 | D48: Próprio | E48: Limpeza de ruas (varrição e remoção de entulhos) | F48: SEDI - SERVIÇOS DIVERSOS | H48: M² | I48: 1 | J48: 0.56 | K48: 0.56
B49: Composição Auxiliar | C49: 88316 | D49: SINAPI | E49: SERVENTE COM ENCARGOS COMPLEMENTARES | F49: SEDI - SERVIÇOS DIVERSOS | H49: H | I49: 0.03 | J49: 17.31 | K49: 0.51
B50: Composição Auxiliar | C50: 72840 | D50: SINAPI | E50: TRANSPORTE COMERCIAL COM CAMINHAO CARROCERIA 9 T, RODOVIA PAVIMENTADA | F50: MOVT - MOVIMENTO DE TERRA | H50: TXKM | I50: 0.06 | J50: 0.92 | K50: 0.05
F51: MO sem LS => | G51: 0.2 | H51: LS => | I51: 0.16 | J51: MO com LS => | K51: 0.36
F52: Valor do BDI => | G52: 0.143304 | I52: Valor com BDI => | K52: 0.7
B53: Observação:
B54: Baseado no item 06191 - (ORSE)
B57: 1.3.7 | C57: Código | D57: Banco | E57: Descrição | F57: Tipo | H57: Und | I57: Quant. | J57: Valor Unit | K57: Total
B58: Composição | C58: (04.910.02) - (DER-PB) | D58: Próprio | E58: FORNECIMENTO E APLICAÇÃO DE MEIO FIO EM PEDRA GRANÍTICA. | F58: PAVI - PAVIMENTAÇÃO | H58: M | I58: 1 | J58: 32.71 | K58: 32.71
B59: Insumo | C59: 000000002 | D59: Próprio | E59: Meio fio de pedra granitica | F59: Material | H59: M | I59: 1.1307727 | J59: 28.93 | K59: 32.71
F60: MO sem LS => | G60: 0 | H60: LS => | I60: 0 | J60: MO com LS => | K60: 0
F61: Valor do BDI => | G61: 8.370489 | I61: Valor com BDI => | K61: 41.08
B63: Observação:
B64: Baseado no item 04.910.02 - DER/PB (ABR/JUN - 2024)
B66: 1.4.2 | C66: Código | D66: Banco | E66: Descrição | F66: Tipo | H66: Und | I66: Quant. | J66: Valor Unit | K66: Total
B67: Composição | C67: 06/2020 | D67: Próprio | E67: PLACA ESMALTADA PARA IDENTIFICAÇÃO NR DE RUA, DIMENSÕES 45X25 CM | F67: PAVI - PAVIMENTAÇÃO | H67: UNID | I67: 1 | J67: 89.5 | K67: 89.5
B68: Composição Auxiliar | C68: 88316 | D68: SINAPI | E68: SERVENTE COM ENCARGOS COMPLEMENTARES | F68: SEDI - SERVIÇOS DIVERSOS | H68: H | I68: 0.4 | J68: 17.31 | K68: 6.92
B69: Insumo | C69: 00011950 | D69: SINAPI | E69: BUCHA DE NYLON SEM ABA S6, COM PARAFUSO DE 4,20 X 40 MM EM ACO ZINCADO COM ROSCA SOBERBA, CABECA CHATA E FENDA PHILLIPS | F69: Material | H69: UN | I69: 0.4 | J69: 0.2 | K69: 0.08
B70: Insumo | C70: 00013521 | D70: SINAPI | E70: PLACA DE ACO ESMALTADA PARA IDENTIFICACAO DE RUA, *45 CM X 20* CM | F70: Material | H70: UN | I70: 1 | J70: 82.5 | K70: 82.5
F71: MO sem LS => | G71: 2.65 | H71: LS => | I71: 2.23 | J71: MO com LS => | K71: 4.88
F72: Valor do BDI => | G72: 22.90305 | I72: Valor com BDI => | K72: 112.4
B74: Observação:
B75: Baseado no item 73916/002 - SINAPI
B77: 1.5.8 | C77: Código | D77: Banco | E77: Descrição | F77: Tipo | H77: Und | I77: Quant. | J77: Valor Unit | K77: Total
B78: Composição | C78: 2020 | D78: Próprio | E78: COLCHÃO DE AREIA | F78: DROP - DRENAGEM/OBRAS DE CONTENÇÃO / POÇOS DE VISITA E CAIXAS | H78: m³ | I78: 1 | J78: 151.71 | K78: 151.71
B79: Composição Auxiliar | C79: 88316 | D79: SINAPI | E79: SERVENTE COM ENCARGOS COMPLEMENTARES | F79: SEDI - SERVIÇOS DIVERSOS | H79: H | I79: 1 | J79: 17.31 | K79: 17.31
B80: Insumo | C80: 00000366 | D80: SINAPI | E80: AREIA FINA - POSTO JAZIDA/FORNECEDOR (RETIRADO NA JAZIDA, SEM TRANSPORTE) | F80: Material | H80: m³ | I80: 1.12 | J80: 120 | K80: 134.4
F81: MO sem LS => | G81: 6.63 | H81: LS => | I81: 5.58 | J81: MO com LS => | K81: 12.21
F82: Valor do BDI => | G82: 38.822589 | I82: Valor com BDI => | K82: 190.53
B84: Observação:
B85: Baseado no item 3212 - (ORSE)
B87: 28.5.11 | C87: Código | D87: Banco | E87: Descrição | F87: Tipo | H87: Und | I87: Quant. | J87: Valor Unit | K87: Total
B88: Composição | C88: 2021 | D88: Próprio | E88: PONTA DE ALA | F88: DROP - DRENAGEM/OBRAS DE CONTENÇÃO / POÇOS DE VISITA E CAIXAS | H88: UNID | I88: 1 | J88: 1253.97 | K88: 1253.97
B89: Composição Auxiliar | C89: 74074/004 | D89: SINAPI | E89: FORMA TABUA P/CONCRETO EM FUNDACAO S/REAPROVEITAMENTO | F89: FUES - FUNDAÇÕES E ESTRUTURAS | H89: m² | I89: 5.79 | J89: 137.34 | K89: 795.19
B90: Composição Auxiliar | C90: 73361 | D90: SINAPI | E90: CONCRETO CICLOPICO FCK=10MPA 30% PEDRA DE MAO INCLUSIVE LANCAMENTO | F90: SEDI - SERVIÇOS DIVERSOS | H90: m³ | I90: 0.96 | J90: 470.46 | K90: 451.64
B91: Insumo | C91: 00004722 | D91: SINAPI | E91: PEDRA BRITADA N. 3 (38 A 50 MM) POSTO PEDREIRA/FORNECEDOR, SEM FRETE | F91: Material | H91: m³ | I91: 0.08 | J91: 89.26 | K91: 7.14
F92: MO sem LS => | G92: 157.89 | H92: LS => | I92: 132.71 | J92: MO com LS => | K92: 290.6
F93: Valor do BDI => | G93: 320.89092 | I93: Valor com BDI => | K93: 1574.86
B94: Observação:
B95: Baseado no item 3444 - (ORSE)
B97: Composições Auxiliares
C98: Código | D98: Banco | E98: Descrição | F98: Tipo | H98: Und | I98: Quant. | J98: Valor Unit | K98: Total
B99: Composição | C99: 105136 | D99: Próprio | E99: LOCAÇÃO DE PONTO PARA REFERÊNCIA TOPOGRÁFICA | F99: SERP - SERVIÇOS PRELIMINARES | H99: UNID | I99: 1 | J99: 8.02 | K99: 8.02
B100: Composição Auxiliar | C100: 88253 | D100: SINAPI | E100: AUXILIAR DE TOPÓGRAFO COM ENCARGOS COMPLEMENTARES | F100: SEDI - SERVIÇOS DIVERSOS | H100: H | I100: 0.1172 | J100: 11.96 | K100: 1.4
B101: Composição Auxiliar | C101: 90781 | D101: SINAPI | E101: TOPOGRAFO COM ENCARGOS COMPLEMENTARES | F101: SEDI - SERVIÇOS DIVERSOS | H101: H | I101: 0.2345 | J101: 24.01 | K101: 5.63
B102: Insumo | C102: 00000032 | D102: SINAPI | E102: ACO CA-50, 6,3 MM, VERGALHAO | F102: Material | H102: KG | I102: 0.0735 | J102: 7.9 | K102: 0.58
B103: Insumo | C103: 00007247 | D103: SINAPI | E103: LOCACAO DE TEODOLITO ELETRONICO, PRECISAO ANGULAR DE 5 A 7 SEGUNDOS, INCLUINDO TRIPE | F103: Equipamento | H103: H | I103: 0.1759 | J103: 2.34 | K103: 0.41
F104: MO sem LS => | G104: 3.41 | H104: LS => | I104: 2.87 | J104: MO com LS => | K104: 6.28
F105: Valor do BDI => | G105: 2.052318 | I105: Valor com BDI => | K105: 10.07
B107: Observação:
B108: Baseado no item 99058 - SINAPI
C111: Código | D111: Banco | E111: Descrição | F111: Tipo | H111: Und | I111: Quant. | J111: Valor Unit | K111: Total
B112: Composição | C112: 01 | D112: Próprio | E112: PISO PODOTÁTIL EM PLACA CIMENTÍCIA - DIRECIONAL E ALERTA 25X25CM, ASSENTADO COM ARGAMASSA | F112: PAVI - PAVIMENTAÇÃO | H112: m² | I112: 1 | J112: 75.79 | K112: 75.79
B113: Composição Auxiliar | C113: 88309 | D113: SINAPI | E113: PEDREIRO COM ENCARGOS COMPLEMENTARES | F113: SEDI - SERVIÇOS DIVERSOS | H113: H | I113: 0.5 | J113: 21.93 | K113: 10.96
B114: Composição Auxiliar | C114: 88316 | D114: SINAPI | E114: SERVENTE COM ENCARGOS COMPLEMENTARES | F114: SEDI - SERVIÇOS DIVERSOS | H114: H | I114: 0.6 | J114: 17.31 | K114: 10.38
B115: Insumo | C115: 00000370 | D115: SINAPI | E115: AREIA MEDIA - POSTO JAZIDA/FORNECEDOR (RETIRADO NA JAZIDA, SEM TRANSPORTE) | F115: Material | H115: m³ | I115: 0.01 | J115: 120 | K115: 1.2
B116: Insumo | C116: 00001379 | D116: SINAPI | E116: CIMENTO PORTLAND COMPOSTO CP II-32 | F116: Material | H116: KG | I116: 7.5 | J116: 0.7 | K116: 5.25
B117: Insumo | C117: 00000037 | D117: Próprio | E117: PISO PODOTATIL DE CONCRETO - DIRECIONAL E ALERTA, *25 X 25* CM | F117: Material | H117: und | I117: 16 | J117: 3 | K117: 48
F118: MO sem LS => | G118: 8.51 | H118: LS => | I118: 7.16 | J118: MO com LS => | K118: 15.67
...

Sheet Orçamento Sintético
A1: Obra: | B1: ='Memória de Cálculo'!$B$1 -> Pavimentação de Vias no Município de Mogeiro - PB | E1: Valor da Obra: | F1: Valor de Repasse:
A2: Endereço da obra: | B2: ='Memória de Cálculo'!$B$2 -> Diversas Ruas - Bairro Luiz Gonçalves de Lima | E2: ='Memória de Cálculo'!C2 -> 4858903.3 | F2: 4785919
A3: Fonte de dados: | B3: ='Memória de Cálculo'!$B$3 -> Sinapi - 05/2024 - Paraíba \ Sicro3 - 04/2024 - Paraíba \ DER-PB - abr/jun/2024 | E3: BDI: | F3: Contrapartida:
A4: Encargos Socias: | B4: ='Memória de Cálculo'!$B$4 -> Horista: 84,05% Mensalista: 46,32% | E4: ='Memória de Cálculo'!$C$4 -> 0.2559 | F4: =E2-F2 -> 72984.29 | G4: ='Memória de Cálculo'!$E$4 -> ESTADO DA PARAÍBA PREFEITURA MUNICIPAL DE MOGEIRO
A5: Contrato: | B5: ='Memória de Cálculo'!B5 -> 1092874-94
A7: PLANILHA ORÇAMENTARIA
A9: Item | B9: Código | C9: Banco | D9: Descrição | E9: Und | F9: Quant. | G9: Valor Unit | H9: Valor Unit com BDI | I9: Total | J9: Peso (%)
A10: 1 | D10: Trecho da Rua Tereza Vieira | I10: 303289.28 | J10: 0.062419287
A11: 1.1 | D11: SERVIÇOS PRELIMINARES | I11: 3274.02 | J11: 0.00067381872
A12: 1.1.1 | B12: 103689 | C12: SINAPI | D12: FORNECIMENTO E INSTALAÇÃO DE PLACA DE OBRA COM CHAPA GALVANIZADA E ESTRUTURA DE MADEIRA. AF_03/2022_PS | E12: m² | F12: 8 | G12: 312.24 | H12: 392.14 | I12: 3137.12 | J12: 0.00064564364
A13: 1.1.2 | B13: 105137 | C13: Próprio | D13: LOCAÇÃO DE PAVIMENTAÇÃO. | E13: M | F13: 273.8 | G13: 0.4 | H13: 0.5 | I13: 136.9 | J13: 2.8175082e-05
A14: 1.2 | D14: TERRAPLANAGEM | I14: 360.32 | J14: 7.4156652e-05
A15: 1.2.1 | B15: 100575 | C15: SINAPI | D15: REGULARIZAÇÃO DE SUPERFÍCIES COM MOTONIVELADORA. AF_11/2019 | E15: m² | F15: 2573.72 | G15: 0.11 | H15: 0.14 | I15: 360.32 | J15: 7.4156652e-05
A16: 1.3 | D16: PAVIMENTAÇÃO | I16: 264300.43 | J16: 0.054395079
A17: 1.3.1 | B17: 94273 | C17: SINAPI | D17: ASSENTAMENTO DE GUIA (MEIO-FIO) EM TRECHO RETO, CONFECCIONADA EM CONCRETO PRÉ-FABRICADO, DIMENSÕES 100X15X13X30 CM (COMPRIMENTO X BASE INFERIOR X BASE SUPERIOR X ALTURA). AF_01/2024 | E17: M | F17: 547.6 | G17: 38.48 | H17: 48.33 | I17: 26465.51 | J17: 0.0054468073
A18: 1.3.2 | B18: 101169 | C18: SINAPI | D18: EXECUÇÃO DE PAVIMENTO EM PARALELEPÍPEDOS, REJUNTAMENTO COM ARGAMASSA TRAÇO 1:3 (CIMENTO E AREIA). AF_05/2020 | E18: m² | F18: 1916.6 | G18: 77.54 | H18: 97.38 | I18: 186638.51 | J18: 0.038411654
A19: 1.3.3 | B19: 94990 | C19: SINAPI | D19: EXECUÇÃO DE PASSEIO (CALÇADA) OU PISO DE CONCRETO COM CONCRETO MOLDADO IN LOCO, FEITO EM OBRA, ACABAMENTO CONVENCIONAL, NÃO ARMADO. AF_08/2022 | E19: m³ | F19: 37.71 | G19: 702.56 | H19: 882.35 | I19: 33273.42 | J19: 0.006847928
A20: 1.3.4 | B20: 9050-Rampa 1,20 | C20: Próprio | D20: Rampas de acessibilidade utilizadas nas pavimentações (utilizadas em calçadas com largura de 1,50 metros) | E20: unid | F20: 8 | G20: 468.83 | H20: 588.8 | I20: 4710.4 | J20: 0.00096943687
A21: 1.3.5 | B21: 9050/2 | C21: Próprio | D21: Piso podotátil de concreto - DIRECIONAL E ALERTA, *25 X 25* CM | E21: M² | F21: 121.7 | G21: 75.79 | H21: 95.18 | I21: 11583.41 | J21: 0.0023839557
A22: 1.3.6 | B22: 152 | C22: Próprio | D22: Limpeza de ruas (varrição e remoção de entulhos) | E22: M² | F22: 1916.6 | G22: 0.56 | H22: 0.7 | I22: 1341.62 | J22: 0.00027611581
A23: 1.3.7 | B23: (04.910.02) - (DER-PB) | C23: Próprio | D23: FORNECIMENTO E APLICAÇÃO DE MEIO FIO EM PEDRA GRANÍTICA. | E23: M | F23: 7 | G23: 32.71 | H23: 41.08 | I23: 287.56 | J23: 5.9182079e-05
A24: 1.4 | D24: SINALIZAÇÃO VIÁRIA | I24: 2262.62 | J24: 0.00046566475
A25: 1.4.1 | B25: 102498 | C25: SINAPI | D25: PINTURA DE MEIO-FIO COM TINTA BRANCA A BASE DE CAL (CAIAÇÃO). AF_05/2021 | E25: M | F25: 547.6 | G25: 1.33 | H25: 1.67 | I25: 914.49 | J25: 0.00018820914
A26: 1.4.2 | B26: 06/2020 | C26: Próprio | D26: PLACA ESMALTADA PARA IDENTIFICAÇÃO NR DE RUA, DIMENSÕES 45X25 CM | E26: UNID | F26: 2 | G26: 89.5 | H26: 112.4 | I26: 224.8 | J26: 4.6265584e-05
A27: 1.4.3 | B27: 5213417 | C27: SICRO3 | D27: Placa em aço nº 16 galvanizado com película retrorrefletiva tipo I + III - confecção | E27: m² | F27: 1.02 | G27: 457.46 | H27: 574.52 | I27: 586.01 | J27: 0.00012060541
A28: 1.4.4 | B28: 5216111 | C28: SICRO3 | D28: Suporte para placa de sinalização em madeira de lei tratada 8 x 8 cm - fornecimento e implantação | E28: un | F28: 4 | G28: 106.96 | H28: 134.33 | I28: 537.32 | J28: 0.00011058463
A29: 1.5 | D29: DRENAGEM | I29: 33091.89 | J29: 0.0068105677
A30: 1.5.1 | B30: 99063 | C30: SINAPI | D30: LOCAÇÃO DE REDE DE ÁGUA OU ESGOTO. AF_03/2024 | E30: M | F30: 50.74 | G30: 7.17 | H30: 9 | I30: 456.66 | J30: 9.3984171e-05
A31: 1.5.2 | B31: 90108 | C31: SINAPI | D31: ESCAVAÇÃO MECANIZADA DE VALA COM PROFUNDIDADE MAIOR QUE 1,5 M ATÉ 3,0 M (MÉDIA MONTANTE E JUSANTE/UMA COMPOSIÇÃO POR TRECHO), RETROESCAV (0,26 M3), LARGURA DE 0,8 M A 1,5 M, EM SOLO DE 1A CATEGORIA, LOCAIS COM BAIXO NÍVEL DE INTERFERÊNCIA. AF_02/2021 | E31: m³ | F31: 95.18 | G31: 5.76 | H31: 7.23 | I31: 688.15 | J31: 0.00014162661
A32: 1.5.3 | B32: 101570 | C32: SINAPI | D32: ESCORAMENTO DE VALA, TIPO PONTALETEAMENTO, COM PROFUNDIDADE DE 0 A 1,5 M, LARGURA MENOR QUE 1,5 M. AF_08/2020 | E32: m² | F32: 152.22 | G32: 18.62 | H32: 23.38 | I32: 3558.9 | J32: 0.00073244924
A33: 1.5.4 | B33: 102457 | C33: SINAPI | D33: BASE PARA POÇO DE VISITA CIRCULAR PARA DRENAGEM, EM CONCRETO PRÉ-MOLDADO, DIÂMETRO INTERNO = 1,20 M, PROFUNDIDADE = 1,60 M, EXCLUINDO TAMPÃO. AF_05/2021_PA | E33: UN | F33: 2 | G33: 1558.63 | H33: 1957.48 | I33: 3914.96 | J33: 0.00080572915
A34: 1.5.5 | B34: 98114 | C34: SINAPI | D34: TAMPA CIRCULAR PARA ESGOTO E DRENAGEM, EM FERRO FUNDIDO, DIÂMETRO INTERNO = 0,6 M. AF_12/2020 | E34: UN | F34: 2 | G34: 735.41 | H34: 923.6 | I34: 1847.2 | J34: 0.00038016809
A35: 1.5.6 | B35: 99240 | C35: SINAPI | D35: ACRÉSCIMO PARA POÇO DE VISITA CIRCULAR PARA DRENAGEM, EM CONCRETO PRÉ-MOLDADO, DIÂMETRO INTERNO = 1,2 M. AF_12/2020 | E35: M | F35: 0.66 | G35: 715.25 | H35: 898.28 | I35: 592.86 | J35: 0.00012201519
A36: 1.5.7 | B36: 97933 | C36: SINAPI | D36: CAIXA COM GRELHA SIMPLES RETANGULAR, EM CONCRETO PRÉ-MOLDADO, DIMENSÕES INTERNAS: 0,6X1,0X1,0 M. AF_12/2020 | E36: UN | F36: 2 | G36: 1138.83 | H36: 1430.26 | I36: 2860.52 | J36: 0.00058871721
A37: 1.5.8 | B37: 2020 | C37: Próprio | D37: COLCHÃO DE AREIA | E37: m³ | F37: 4.61 | G37: 151.71 | H37: 190.53 | I37: 878.34 | J37: 0.00018076919
A38: 1.5.9 | B38: 95568 | C38: SINAPI | D38: TUBO DE CONCRETO (SIMPLES) PARA REDES COLETORAS DE ÁGUAS PLUVIAIS, DIÂMETRO DE 400 MM, JUNTA RÍGIDA, INSTALADO EM LOCAL COM BAIXO NÍVEL DE INTERFERÊNCIAS - FORNECIMENTO E ASSENTAMENTO. AF_03/2024 | E38: M | F38: 8 | G38: 103.76 | H38: 130.31 | I38: 1042.48 | J38: 0.00021455047
A39: 1.5.10 | B39: 92212 | C39: SINAPI | D39: TUBO DE CONCRETO PARA REDES COLETORAS DE ÁGUAS PLUVIAIS, DIÂMETRO DE 600 MM, JUNTA RÍGIDA, INSTALADO EM LOCAL COM BAIXO NÍVEL DE INTERFERÊNCIAS - FORNECIMENTO E ASSENTAMENTO. AF_03/2024 | E39: M | F39: 42.75 | G39: 297.1 | H39: 373.13 | I39: 15951.31 | J39: 0.0032829034
A40: 1.5.11 | B40: 93369 | C40: SINAPI | D40: REATERRO MECANIZADO DE VALA COM ESCAVADEIRA HIDRÁULICA (CAPACIDADE DA CAÇAMBA: 0,8 M³/POTÊNCIA: 111 HP), LARGURA 1,5 A 2,5 M, PROFUNDIDADE 1,5 A 3,0 M, COM SOLO (SEM SUBSTITUIÇÃO) DE 1ª CATEGORIA, COM COMPACTADOR DE SOLOS DE PERCUSSÃO. AF_08/2023 | E40: m³ | F40: 71.3 | G40: 14.52 | H40: 18.24 | I40: 1300.51 | J40: 0.00026765505
A41: 2 | D41: Rua Projetada 10A | I41: 247449.26 | J41: 0.050926978
A42: 2.1 | D42: SERVIÇOS PRELIMINARES | I42: 79.55 | J42: 1.6372007e-05
A43: 2.1.1 | B43: 105137 | C43: Próprio | D43: LOCAÇÃO DE PAVIMENTAÇÃO. | E43: M | F43: 159.1 | G43: 0.4 | H43: 0.5 | I43: 79.55 | J43: 1.6372007e-05
A44: 2.2 | D44: TERRAPLANAGEM | I44: 578.59 | J44: 0.00011907831
A45: 2.2.1 | B45: 100575 | C45: SINAPI | D45: REGULARIZAÇÃO DE SUPERFÍCIES COM MOTONIVELADORA. AF_11/2019 | E45: m² | F45: 1474.18 | G45: 0.11 | H45: 0.14 | I45: 206.39 | J45: 4.2476663e-05
A46: 2.2.2 | B46: 104789 | C46: SINAPI | D46: DEMOLIÇÃO DE PISO DE CONCRETO SIMPLES, DE FORMA MANUAL, SEM REAPROVEITAMENTO. AF_09/2023 | E46: m³ | F46: 1.84 | G46: 161.06 | H46: 202.28 | I46: 372.2 | J46: 7.6601648e-05
A47: 2.3 | D47: PAVIMENTAÇÃO | I47: 151614.13 | J47: 0.031203364
A48: 2.3.1 | B48: 94273 | C48: SINAPI | D48: ASSENTAMENTO DE GUIA (MEIO-FIO) EM TRECHO RETO, CONFECCIONADA EM CONCRETO PRÉ-FABRICADO, DIMENSÕES 100X15X13X30 CM (COMPRIMENTO X BASE INFERIOR X BASE SUPERIOR X ALTURA), PARA VIAS URBANAS (USO VIÁRIO). AF_06/2016 | E48: M | F48: 300.4 | G48: 38.48 | H48: 48.33 | I48: 14518.33 | J48: 0.002987985
A49: 2.3.2 | B49: 101169 | C49: SINAPI | D49: EXECUÇÃO DE PAVIMENTO EM PARALELEPÍPEDOS, REJUNTAMENTO COM ARGAMASSA TRAÇO 1:3 (CIMENTO E AREIA). AF_05/2020 | E49: m² | F49: 1113.7 | G49: 77.54 | H49: 97.38 | I49: 108452.11 | J49: 0.022320286
A50: 2.3.3 | B50: 94990 | C50: SINAPI | D50: EXECUÇÃO DE PASSEIO (CALÇADA) OU PISO DE CONCRETO COM CONCRETO MOLDADO IN LOCO, FEITO EM OBRA, ACABAMENTO CONVENCIONAL, NÃO ARMADO. AF_07/2016 | E50: m³ | F50: 19.32 | G50: 702.56 | H50: 882.35 | I50: 17047 | J50: 0.0035084049
A51: 2.3.4 | B51: 9050-Rampa 1,20 | C51: Próprio | D51: Rampas de acessibilidade utilizadas nas pavimentações (utilizadas em calçadas com largura de 1,50 metros) | E51: unid | F51: 7 | G51: 468.83 | H51: 588.8 | I51: 4121.6 | J51: 0.00084825726
A52: 2.3.5 | B52: 9050/2 | C52: Próprio | D52: Piso podotátil de concreto - DIRECIONAL E ALERTA, *25 X 25* CM | E52: M² | F52: 61.8 | G52: 75.79 | H52: 95.18 | I52: 5882.12 | J52: 0.0012105859
A53: 2.3.6 | B53: 152 | C53: Próprio | D53: Limpeza de ruas (varrição e remoção de entulhos) | E53: M² | F53: 1113.7 | G53: 0.56 | H53: 0.7 | I53: 779.59 | J53: 0.00016044567
A54: 2.3.7 | B54: (04.910.02) - (DER-PB) | C54: Próprio | D54: FORNECIMENTO E APLICAÇÃO DE MEIO FIO EM PEDRA GRANÍTICA. | E54: M | F54: 19.8 | G54: 32.71 | H54: 41.08 | I54: 813.38 | J54: 0.00016739992
A55: 2.4 | D55: SINALIZAÇÃO VIÁRIA | I55: 2796.39 | J55: 0.00057551876
A56: 2.4.1 | B56: 102498 | C56: SINAPI | D56: PINTURA DE MEIO-FIO COM TINTA BRANCA A BASE DE CAL (CAIAÇÃO). AF_05/2021 | E56: M | F56: 300.4 | G56: 1.33 | H56: 1.67 | I56: 501.67 | J56: 0.00010324758
A57: 2.4.2 | B57: 06/2020 | C57: Próprio | D57: PLACA ESMALTADA PARA IDENTIFICAÇÃO NR DE RUA, DIMENSÕES 45X25 CM | E57: UNID | F57: 2 | G57: 89.5 | H57: 112.4 | I57: 224.8 | J57: 4.6265584e-05
A58: 2.4.3 | B58: 5213417 | C58: SICRO3 | D58: Confecção de placa em aço nº 16 galvanizado, com película retrorrefletiva tipo I + III | E58: m² | F58: 2.2 | G58: 457.46 | H58: 574.52 | I58: 1263.94 | J58: 0.00026012866
A59: 2.4.4 | B59: 5216111 | C59: SICRO3 | D59: Fornecimento e implantação de suporte e travessa para placa de sinalização em madeira de lei tratada 8 x 8 cm | E59: un | F59: 6 | G59: 106.96 | H59: 134.33 | I59: 805.98 | J59: 0.00016587694
A60: 2.5 | D60: DRENAGEM | I60: 92380.6 | J60: 0.019012644
A61: 2.5.1 | B61: 99063 | C61: SINAPI | D61: LOCAÇÃO DE REDE DE ÁGUA OU ESGOTO. AF_03/2024 | E61: M | F61: 148.81 | G61: 7.17 | H61: 9 | I61: 1339.29 | J61: 0.00027563627
A62: 2.5.2 | B62: 90108 | C62: SINAPI | D62: ESCAVAÇÃO MECANIZADA DE VALA COM PROFUNDIDADE MAIOR QUE 1,5 M ATÉ 3,0 M (MÉDIA MONTANTE E JUSANTE/UMA COMPOSIÇÃO POR TRECHO), RETROESCAV (0,26 M3), LARGURA DE 0,8 M A 1,5 M, EM SOLO DE 1A CATEGORIA, LOCAIS COM BAIXO NÍVEL DE INTERFERÊNCIA. AF_02/2021 | E62: m³ | F62: 281.05 | G62: 5.76 | H62: 7.23 | I62: 2031.99 | J62: 0.00041819931
A63: 2.5.3 | B63: 101570 | C63: SINAPI | D63: ESCORAMENTO DE VALA, TIPO PONTALETEAMENTO, COM PROFUNDIDADE DE 0 A 1,5 M, LARGURA MENOR QUE 1,5 M. AF_08/2020 | E63: m² | F63: 446.43 | G63: 18.62 | H63: 23.38 | I63: 10437.53 | J63: 0.0021481247
A64: 2.5.4 | B64: 102457 | C64: SINAPI | D64: BASE PARA POÇO DE VISITA CIRCULAR PARA DRENAGEM, EM CONCRETO PRÉ-MOLDADO, DIÂMETRO INTERNO = 1,20 M, PROFUNDIDADE = 1,60 M, EXCLUINDO TAMPÃO. AF_05/2021_PA | E64: UN | F64: 4 | G64: 1558.63 | H64: 1957.48 | I64: 7829.92 | J64: 0.0016114583
A65: 2.5.5 | B65: 98114 | C65: SINAPI | D65: TAMPA CIRCULAR PARA ESGOTO E DRENAGEM, EM FERRO FUNDIDO, DIÂMETRO INTERNO = 0,6 M. AF_12/2020 | E65: UN | F65: 4 | G65: 735.41 | H65: 923.6 | I65: 3694.4 | J65: 0.00076033619
A66: 2.5.6 | B66: 99240 | C66: SINAPI | D66: ACRÉSCIMO PARA POÇO DE VISITA CIRCULAR PARA DRENAGEM, EM CONCRETO PRÉ-MOLDADO, DIÂMETRO INTERNO = 1,2 M. AF_12/2020 | E66: M | F66: 2.12 | G66: 715.25 | H66: 898.28 | I66: 1904.35 | J66: 0.00039193001
A67: 2.5.7 | B67: 97933 | C67: SINAPI | D67: CAIXA COM GRELHA SIMPLES RETANGULAR, EM CONCRETO PRÉ-MOLDADO, DIMENSÕES INTERNAS: 0,6X1,0X1,0 M. AF_12/2020 | E67: UN | F67: 4 | G67: 1138.83 | H67: 1430.26 | I67: 5721.04 | J67: 0.0011774344
A68: 2.5.8 | B68: 2020 | C68: Próprio | D68: COLCHÃO DE AREIA | E68: m³ | F68: 13.92 | G68: 151.71 | H68: 190.53 | I68: 2652.18 | J68: 0.00054583922
A69: 2.5.9 | B69: 95568 | C69: SINAPI | D69: TUBO DE CONCRETO (SIMPLES) PARA REDES COLETORAS DE ÁGUAS PLUVIAIS, DIÂMETRO DE 400 MM, JUNTA RÍGIDA, INSTALADO EM LOCAL COM BAIXO NÍVEL DE INTERFERÊNCIAS - FORNECIMENTO E ASSENTAMENTO. AF_03/2024 | E69: M | F69: 11.28 | G69: 103.76 | H69: 130.31 | I69: 1469.9 | J69: 0.00030251683
A70: 2.5.10 | B70: 92212 | C70: SINAPI | D70: TUBO DE CONCRETO PARA REDES COLETORAS DE ÁGUAS PLUVIAIS, DIÂMETRO DE 600 MM, JUNTA RÍGIDA, INSTALADO EM LOCAL COM BAIXO NÍVEL DE INTERFERÊNCIAS - FORNECIMENTO E ASSENTAMENTO. AF_03/2024 | E70: M | F70: 137.53 | G70: 297.1 | H70: 373.13 | I70: 51316.57 | J70: 0.010561348
A71: 2.5.11 | B71: 93369 | C71: SINAPI | D71: REATERRO MECANIZADO DE VALA COM ESCAVADEIRA HIDRÁULICA (CAPACIDADE DA CAÇAMBA: 0,8 M³/POTÊNCIA: 111 HP), LARGURA 1,5 A 2,5 M, PROFUNDIDADE 1,5 A 3,0 M, COM SOLO (SEM SUBSTITUIÇÃO) DE 1ª CATEGORIA, COM COMPACTADOR DE SOLOS DE PERCUSSÃO. AF_08/2023 | E71: m³ | F71: 218.39 | G71: 14.52 | H71: 18.24 | I71: 3983.43 | J71: 0.0008198208
A72: 3 | D72: Rua Projetada 10B | I72: 28121.31 | J72: 0.0057875838
A73: 3.1 | D73: SERVIÇOS PRELIMINARES | I73: 15.75 | J73: 3.2414722e-06
A74: 3.1.1 | B74: 105137 | C74: Próprio | D74: LOCAÇÃO DE PAVIMENTAÇÃO. | E74: M | F74: 31.5 | G74: 0.4 | H74: 0.5 | I74: 15.75 | J74: 3.2414722e-06
A75: 3.2 | D75: TERRAPLANAGEM | I75: 37.04 | J75: 7.6231194e-06
A76: 3.2.1 | B76: 100575 | C76: SINAPI | D76: REGULARIZAÇÃO DE SUPERFÍCIES COM MOTONIVELADORA. AF_11/2019 | E76: m² | F76: 264.6 | G76: 0.11 | H76: 0.14 | I76: 37.04 | J76: 7.6231194e-06
A77: 3.3 | D77: PAVIMENTAÇÃO | I77: 27469.85 | J77: 0.0056535083
A78: 3.3.1 | B78: 94273 | C78: SINAPI | D78: ASSENTAMENTO DE GUIA (MEIO-FIO) EM TRECHO RETO, CONFECCIONADA EM CONCRETO PRÉ-FABRICADO, DIMENSÕES 100X15X13X30 CM (COMPRIMENTO X BASE INFERIOR X BASE SUPERIOR X ALTURA), PARA VIAS URBANAS (USO VIÁRIO). AF_06/2016 | E78: M | F78: 63 | G78: 38.48 | H78: 48.33 | I78: 3044.79 | J78: 0.00062664141
A79: 3.3.2 | B79: 101169 | C79: SINAPI | D79: EXECUÇÃO DE PAVIMENTO EM PARALELEPÍPEDOS, REJUNTAMENTO COM ARGAMASSA TRAÇO 1:3 (CIMENTO E AREIA). AF_05/2020 | E79: m² | F79: 189 | G79: 77.54 | H79: 97.38 | I79: 18404.82 | J79: 0.0037878548
A80: 3.3.3 | B80: 94990 | C80: SINAPI | D80: EXECUÇÃO DE PASSEIO (CALÇADA) OU PISO DE CONCRETO COM CONCRETO MOLDADO IN LOCO, FEITO EM OBRA, ACABAMENTO CONVENCIONAL, NÃO ARMADO. AF_07/2016 | E80: m³ | F80: 3.77 | G80: 702.56 | H80: 882.35 | I80: 3326.46 | J80: 0.00068461128
A81: 3.3.4 | B81: 9050-Rampa 1,20 | C81: Próprio | D81: Rampas de acessibilidade utilizadas nas pavimentações (utilizadas em calçadas com largura de 1,50 metros) | E81: unid | F81: 2 | G81: 468.83 | H81: 588.8 | I81: 1177.6 | J81: 0.00024235922
A82: 3.3.5 | B82: 9050/2 | C82: Próprio | D82: Piso podotátil de concreto - DIRECIONAL E ALERTA, *25 X 25* CM | E82: M² | F82: 11.95 | G82: 75.79 | H82: 95.18 | I82: 1137.4 | J82: 0.00023408575
A83: 3.3.6 | B83: 152 | C83: Próprio | D83: Limpeza de ruas (varrição e remoção de entulhos) | E83: M² | F83: 189 | G83: 0.56 | H83: 0.7 | I83: 132.3 | J83: 2.7228367e-05
A84: 3.3.7 | B84: (04.910.02) - (DER-PB) | C84: Próprio | D84: FORNECIMENTO E APLICAÇÃO DE MEIO FIO EM PEDRA GRANÍTICA. | E84: M | F84: 6 | G84: 32.71 | H84: 41.08 | I84: 246.48 | J84: 5.0727497e-05
A85: 3.4 | D85: SINALIZAÇÃO VIÁRIA | I85: 598.67 | J85: 0.00012321093
A86: 3.4.1 | B86: 102498 | C86: SINAPI | D86: PINTURA DE MEIO-FIO COM TINTA BRANCA A BASE DE CAL (CAIAÇÃO). AF_05/2021 | E86: M | F86: 63 | G86: 1.33 | H86: 1.67 | I86: 105.21 | J86: 2.1653034e-05
A87: 3.4.2 | B87: 06/2020 | C87: Próprio | D87: PLACA ESMALTADA PARA IDENTIFICAÇÃO NR DE RUA, DIMENSÕES 45X25 CM | E87: UNID | F87: 2 | G87: 89.5 | H87: 112.4 | I87: 224.8 | J87: 4.6265584e-05
A88: 3.4.3 | B88: 5216111 | C88: SICRO3 | D88: Fornecimento e implantação de suporte e travessa para placa de sinalização em madeira de lei tratada 8 x 8 cm | E88: un | F88: 2 | G88: 106.96 | H88: 134.33 | I88: 268.66 | J88: 5.5292313e-05
A89: 4 | D89: Rua Projetada 9A | I89: 36282.97 | J89: 0.0074673168
A90: 4.1 | D90: SERVIÇOS PRELIMINARES | I90: 19.9 | J90: 4.0955744e-06
A91: 4.1.1 | B91: 105137 | C91: Próprio | D91: LOCAÇÃO DE PAVIMENTAÇÃO. | E91: M | F91: 39.8 | G91: 0.4 | H91: 0.5 | I91: 19.9 | J91: 4.0955744e-06
A92: 4.2 | D92: TERRAPLANAGEM | I92: 46.8 | J92: 9.6318031e-06
A93: 4.2.1 | B93: 100575 | C93: SINAPI | D93: REGULARIZAÇÃO DE SUPERFÍCIES COM MOTONIVELADORA. AF_11/2019 | E93: m² | F93: 334.32 | G93: 0.11 | H93: 0.14 | I93: 46.8 | J93: 9.6318031e-06
A94: 4.3 | D94: PAVIMENTAÇÃO | I94: 35116.58 | J94: 0.0072272647
A95: 4.3.1 | B95: 94273 | C95: SINAPI | D95: ASSENTAMENTO DE GUIA (MEIO-FIO) EM TRECHO RETO, CONFECCIONADA EM CONCRETO PRÉ-FABRICADO, DIMENSÕES 100X15X13X30 CM (COMPRIMENTO X BASE INFERIOR X BASE SUPERIOR X ALTURA), PARA VIAS URBANAS (USO VIÁRIO). AF_06/2016 | E95: M | F95: 79.6 | G95: 38.48 | H95: 48.33 | I95: 3847.07 | J95: 0.00079175686
A96: 4.3.2 | B96: 101169 | C96: SINAPI | D96: EXECUÇÃO DE PAVIMENTO EM PARALELEPÍPEDOS, REJUNTAMENTO COM ARGAMASSA TRAÇO 1:3 (CIMENTO E AREIA). AF_05/2020 | E96: m² | F96: 238.8 | G96: 77.54 | H96: 97.38 | I96: 23254.34 | J96: 0.0047859236
A97: 4.3.3 | B97: 94990 | C97: SINAPI | D97: EXECUÇÃO DE PASSEIO (CALÇADA) OU PISO DE CONCRETO COM CONCRETO MOLDADO IN LOCO, FEITO EM OBRA, ACABAMENTO CONVENCIONAL, NÃO ARMADO. AF_07/2016 | E97: m³ | F97: 5.04 | G97: 702.56 | H97: 882.35 | I97: 4447.04 | J97: 0.00091523534
A98: 4.3.4 | B98: 9050-Rampa 1,20 | C98: Próprio | D98: Rampas de acessibilidade utilizadas nas pavimentações (utilizadas em calçadas com largura de 1,50 metros) | E98: unid | F98: 2 | G98: 468.83 | H98: 588.8 | I98: 1177.6 | J98: 0.00024235922
A99: 4.3.5 | B99: 9050/2 | C99: Próprio | D99: Piso podotátil de concreto - DIRECIONAL E ALERTA, *25 X 25* CM | E99: M² | F99: 16.1 | G99: 75.79 | H99: 95.18 | I99: 1532.4 | J99: 0.00031537981
A100: 4.3.6 | B100: 152 | C100: Próprio | D100: Limpeza de ruas (varrição e remoção de entulhos) | E100: M² | F100: 238.8 | G100: 0.56 | H100: 0.7 | I100: 167.16 | J100: 3.4402825e-05
A101: 4.3.7 | B101: (04.910.02) - (DER-PB) | C101: Próprio | D101: FORNECIMENTO E APLICAÇÃO DE MEIO FIO EM PEDRA GRANÍTICA. | E101: M | F101: 16.82 | G101: 32.71 | H101: 41.08 | I101: 690.97 | J101: 0.00014220699
A102: 4.4 | D102: SINALIZAÇÃO VIÁRIA | I102: 1099.69 | J102: 0.00022632474
...

Sheet ENCARGOS DES
B2: Obra: | C2: ='Memória de Cálculo'!B1 -> Pavimentação de Vias no Município de Mogeiro - PB | D2: Valor da Obra:
B3: Município: | C3: Mogeiro - PB | D3: ='Orçamento Sintético'!E2 -> 4858903.3
B4: Endereço: | C4: ='Memória de Cálculo'!B2 -> Diversas Ruas - Bairro Luiz Gonçalves de Lima | D4: Nº Contrato:
B5: Fonte de dados: | C5: =BDI!B3 -> Sinapi - 05/2024 - Paraíba \ Sicro3 - 04/2024 - Paraíba \ DER-PB - abr/jun/2024 | D5: ='Memória de Cálculo'!B5 -> 1092874-94
B6: Encargos Socias: | C6: =BDI!B4 -> Horista: 84,05% Mensalista: 46,32% | D6: BDI: 25,59% | E6: {='Orçamento Sintético'!G4:I4} -> ESTADO DA PARAÍBA PREFEITURA MUNICIPAL DE MOGEIRO | F6: 0 | G6: 0
B8: ENCARGOS SOCIAIS DESONERADOS
B10: Item | C10: Discriminação | D10: Horista | E10: Mensalista
B11: GRUPO A
B12: A1 | C12: INSS | D12: 0 | E12: 0
B13: A2 | C13: SESI | D13: 0.015 | E13: 0.015
B14: A3 | C14: SENAI | D14: 0.01 | E14: 0.01
B15: A4 | C15: INCRA | D15: 0.002 | E15: 0.002
B16: A5 | C16: SEBRAE | D16: 0.006 | E16: 0.006
B17: A6 | C17: SALÁRIO EDUCAÇÃO | D17: 0.025 | E17: 0.025
B18: A7 | C18: SEGURO CONTRA ACIDENTES DE TRABALHO | D18: 0.03 | E18: 0.03
B19: A8 | C19: FGTS | D19: 0.08 | E19: 0.08
B20: A9 | C20: SECONCI | D20: 0 | E20: 0
B21: A | C21: Total | D21: 0.168 | E21: 0.168
B23: GRUPO B
B24: B1 | C24: REPOUSO SEMANAL REMUNERADO | D24: 0.1802 | E24: Não incide
B25: B2 | C25: FERIADOS | D25: 0.0431 | E25: Não incide
B26: B3 | C26: AUXILIO - ENFERMIDADE | D26: 0.0087 | E26: 0.0066
B27: B4 | C27: 13º SALARIO | D27: 0.1096 | E27: 0.0833
B28: B5 | C28: LICENÇA PATERNIDADE | D28: 0.0007 | E28: 0.0005
B29: B6 | C29: FALTAS JUSTIFICADAS | D29: 0.0073 | E29: 0.0056
B30: B7 | C30: DIAS DE CHUVAS | D30: 0.0202 | E30: Não incide
B31: B8 | C31: AUXILIO ACIDENTE DE TRABALHO | D31: 0.001 | E31: 0.0008
B32: B9 | C32: FÉRIAS GOZADAS | D32: 0.0964 | E32: 0.0733
B33: B10 | C33: SALÁRIO MATERNIDADE | D33: 0.0004 | E33: 0.0003
B34: B | C34: Total | D34: =SUM(D24:D33) -> 0.4676 | E34: =E26+E27+E28+E29+E31+E32+E33 -> 0.1704
B36: GRUPO C
B37: C1 | C37: AVISO PRÉVIO INDENIZADO | D37: 0.0453 | E37: 0.0345
B38: C2 | C38: AVISO PRÉVIO TRABALHADO | D38: 0.0011 | E38: 0.0008
B39: C3 | C39: FÉRIAS INDENIZADAS | D39: 0.0424 | E39: 0.0323
B40: C4 | C40: DEPÓSITO RECISÃO SEM JUSTA CAUSA | D40: 0.0229 | E40: 0.0228
B41: C5 | C41: INDENIZAÇÃO ADICIONAL | D41: 0.0038 | E41: 0.0029
B42: C | C42: Total | D42: =12.25% -> 0.1225 | E42: 0.0933
B44: GRUPO D
B45: D1 | C45: REINCIDENCIA DE GRUPO A SOBRE GRUPO B | D45: 0.0786 | E45: 0.0286
B46: D2 | C46: REINCIDENCIA DE GRUPO A SOBRE AVISO PRÉVIO TRABALHADO E REINCIDENCIA DO FGTS SOBRE AVISO PRÉVIO INDENIZADO | D46: 0.0038 | E46: 0.0029
B47: D | C47: Total | D47: 0.0824 | E47: 0.0315
B49: TOTAL (A+B+C+D) | D49: 0.8405 | E49: 0.4632

Sheet BDI
A1: Obra: | B1: ='Memória de Cálculo'!B1 -> Pavimentação de Vias no Município de Mogeiro - PB | E1: Valor da Obra:
A2: Endereço da obra: | B2: ='Memória de Cálculo'!B2 -> Diversas Ruas - Bairro Luiz Gonçalves de Lima | E2: ='Memória de Cálculo'!C2 -> 4858903.3
A3: Fonte de dados: | B3: ='Memória de Cálculo'!B3 -> Sinapi - 05/2024 - Paraíba \ Sicro3 - 04/2024 - Paraíba \ DER-PB - abr/jun/2024 | E3: BDI:
A4: Encargos Socias: | B4: ='Memória de Cálculo'!B4 -> Horista: 84,05% Mensalista: 46,32% | E4: =J28 -> 0.2559 | G4: ='Memória de Cálculo'!E4 -> ESTADO DA PARAÍBA PREFEITURA MUNICIPAL DE MOGEIRO
A5: Contrato: | B5: ='Memória de Cálculo'!B5 -> 1092874-94
A7: BENEFÍCIOS E DESPESAS INDIRETAS (BDI)
A9: Conforme legislação tributária municipal, definir estimativa de percentual da base de cálculo para o ISS: | I9: 0.4
A10: Sobre a base de cálculo, definir a respectiva alíquota do ISS (entre 2% e 5%): | I10: 0.05
A12: BDI
A14: TIPO DE OBRA
A15: Implantação de Pavimentação | L15: Construção e Reforma de Edifícios | S15: Construção de Praças Urbanas, Rodovias, Ferrovias e recapeamento e pavimentação de vias urbanas
A17: Itens | I17: Siglas | J17: % Adotado | L17: Situação | O17: 1º Quartil | P17: Médio | Q17: 3º Quartil | S17: Situação | V17: 1º Quartil | W17: Médio | X17: 3º Quartil
A19: =IF($J$20=$A$151,"Encargos Sociais incidentes sobre a mão de obra","Administração Central") -> Administração Central | I19: AC | J19: 0.038 | L19: AC | O19: 0.03 | P19: 0.04 | Q19: 0.055 | S19: AC | V19: 0.038 | W19: 0.0401 | X19: 0.0467
A20: =IF($J$20=$A$151,"Administração Central da empresa ou consultoria - overhead","Seguro e Garantia") -> Seguro e Garantia | I20: SG | J20: 0.0032 | L20: SG | O20: 0.008 | P20: 0.008 | Q20: 0.01 | S20: SG | V20: 0.0032 | W20: 0.004 | X20: 0.0074
A21: =IF($J$20=$A$151,"","Risco") -> Risco | I21: R | J21: 0.005 | L21: R | O21: 0.0097 | P21: 0.0127 | Q21: 0.0127 | S21: R | V21: 0.005 | W21: 0.0056 | X21: 0.0097
A22: =IF($J$20=$A$151,"","Despesas Financeiras") -> Despesas Financeiras | I22: DF | J22: 0.0102 | L22: DF | O22: 0.0059 | P22: 0.0123 | Q22: 0.0139 | S22: DF | V22: 0.0102 | W22: 0.0111 | X22: 0.0121
A23: =IF($J$20=$A$151,"Margem bruta da empresa de consultoria","Lucro") -> Lucro | I23: L | J23: 0.0677 | L23: L | O23: 0.0616 | P23: 0.074 | Q23: 0.0896 | S23: L | V23: 0.0664 | W23: 0.073 | X23: 0.0869
A24: Tributos (impostos COFINS 3%, e PIS 0,65%) | I24: CP | J24: 0.0365 | L24: CP | O24: 0.0365 | P24: 0.0365 | Q24: 0.0365 | S24: CP | V24: 0.0365 | W24: 0.0365 | X24: 0.0365
A25: Tributos (ISS, variável de acordo com o município) | I25: ISS | J25: =ROUND(I9*I10,4) -> 0.02 | L25: - | O25: 0 | P25: 0.025 | Q25: 0.05 | S25: - | V25: 0 | W25: 0.025 | X25: 0.05
A26: Tributos (Contribuição Previdenciária sobre a Receita Bruta - 0% ou 4,5% - Desoneração) | I26: CPRB | J26: 0.045 | L26: - | O26: 0 | P26: 0.045 | Q26: 0.045 | S26: - | V26: 0 | W26: 0.045 | X26: 0.045
A27: BDI SEM desoneração (Fórmula Acórdão TCU) | I27: BDI PAD | J27: =ROUND((((1+J19+J20+J21)*(1+J22)*(1+J23)/(1-(J24+J25)))-1),4) -> 0.196 | L27: =IF(((J27>=O27)*AND(J27<=Q27)),"OK","FORA DO INTERVALO") -> FORA DO INTERVALO | O27: 0.2034 | P27: 0.2212 | Q27: 0.25 | S27: =IF((J27>=V27)*AND(J27<=X27),"OK","FORA DO INTERVALO") -> OK | V27: 0.196 | W27: 0.2097 | X27: 0.2423
C28: BDI | D28: =IF(J26=0,"SEM Desoneração","COM Desoneração") -> COM Desoneração | I28: BDI DES | J28: =ROUND((((1+J19+J20+J21)*(1+J22)*(1+J23)/(1-(J24+J25+J26)))-1),4) -> 0.2559
A32: Os valores de BDI foram calculados com o emprego da fórmula:
C33: BDI = | D33: (1+AC + S + R + G)*(1 + DF)*(1+L) | G33: - 1
D34: (1-CP-ISS-CRPB)
A36: =CONCATENATE("Declaro para os devidos fins que, conforme legislação tributária municipal, a base de cálculo deste tipo de obra corresponde a ",$I$9*100,"%, com a respectiva alíquota de ",$I$10*100,"%.") -> Declaro para os devidos fins que, conforme legislação tributária municipal, a base de cálculo deste tipo de obra corresponde a 40%, com a respectiva alíquota de 5%.
A38: =CONCATENATE("Declaro para os devidos fins que o regime de Contribuição Previdenciária sobre a Receita Bruta adotado para elaboração do orçamento foi ",D28,", e que esta é a alternativa mais adequada para a Administração Pública.") -> Declaro para os devidos fins que o regime de Contribuição Previdenciária sobre a Receita Bruta adotado para elaboração do orçamento foi COM Desoneração, e que esta é a alternativa mais adequada para a Administração Pública.
A40: =CONCATENATE("Declaro para os devidos fins que a data-base adotada para elaboração do orçamento foi ",B3,"") -> Declaro para os devidos fins que a data-base adotada para elaboração do orçamento foi Sinapi - 05/2024 - Paraíba \ Sicro3 - 04/2024 - Paraíba \ DER-PB - abr/jun/2024
A42: Observações:

Sheet Drenagem Pluvial
B2: Obra: | C2: ='Memória de Cálculo'!$B$1 -> Pavimentação de Vias no Município de Mogeiro - PB | Q2: Valor da Obra: | R2: ='Memória de Cálculo'!$E$4 -> ESTADO DA PARAÍBA PREFEITURA MUNICIPAL DE MOGEIRO
B3: Endereço da obra: | C3: ='Memória de Cálculo'!$B$2 -> Diversas Ruas - Bairro Luiz Gonçalves de Lima | Q3: ='Memória de Cálculo'!$C$2 -> 4858903.3
B4: Fonte de dados: | C4: ='Memória de Cálculo'!$B$3 -> Sinapi - 05/2024 - Paraíba \ Sicro3 - 04/2024 - Paraíba \ DER-PB - abr/jun/2024 | Q4: BDI:
B5: Encargos Socias: | C5: ='Memória de Cálculo'!$B$4 -> Horista: 84,05% Mensalista: 46,32% | Q5: ='Memória de Cálculo'!$C$4 -> 0.2559
B6: Contrato: | C6: ='Memória de Cálculo'!B5 -> 1092874-94
C8: Nome da rua | D8: Trecho | E8: Cotas do Terreno | G8: Dif. de cotas | H8: Extensão do trecho (L) | I8: Declividade (I) | J8: Largura da rua (L) | K8: Capacidade da rua (Q) | L8: Cotas de distâncias máximas | N8: Dif. de cotas | O8: DistânciaMáxima | P8: Decliv. Máxima (Im) | Q8: Tempo de Concent. (Tc) | R8: Intens. (i) | S8: Coef. de escoamento (C) | T8: Área de contribuição (A) | U8: Vazão no trecho (Q) | V8: Vazão a captar (Q)
E9: Montante | F9: Jusante | L9: Montante | M9: Jusante
B10: Coluna | C10: 1 | D10: 2 | E10: 3 | F10: 4 | G10: 5 | H10: 6 | I10: 7 | J10: 8 | K10: 9 | L10: 10 | M10: 11 | N10: 12 | O10: 13 | P10: 14 | Q10: 15 | R10: 16 | S10: 17 | T10: 18 | U10: 19 | V10: 20
B11: und. | E11: m | F11: m | G11: m | H11: m | I11: m/m | J11: m | K11: l/s | L11: m | M11: m | N11: m | O11: m | P11: m/m | Q11: min | R11: mm/h | S11: - | T11: ha | U11: l/s | V11: l/s
B12: Cálculo | C12: Trecho da Rua Tereza Vieira | D12: E-0 a E-11+15,62 | E12: 102.45 | F12: 100.64 | G12: =E12-F12 -> 1.81 | H12: 235.62 | I12: =G12/H12 -> 0.0076818606 | J12: 7 | K12: 242 | L12: =E12 -> 102.45 | M12: =F12 -> 100.64 | N12: =L12-M12 -> 1.81 | O12: =H12 -> 235.62 | P12: =N12/O12 -> 0.0076818606 | Q12: =10+16*(O12/1000)/(1.05*((100*P12)^0.04)) -> 13.628475 | R12: =(3609.11*2^0.12)/((Q12+30)^0.95) -> 108.57809 | S12: 0.5 | T12: 0.85 | U12: =166.67*S12*R12/60*T12 -> 128.18503 | V12: =U12-K12 -> -113.81497
B13: Cálculo | C13: Trecho da Rua Tereza Vieira | D13: E-11+15,62a E-13+13,80 | E13: 101.007 | F13: 100.64 | G13: =E13-F13 -> 0.367 | H13: 38.18 | I13: =G13/H13 -> 0.0096123625 | J13: 7 | K13: 242 | L13: =E13 -> 101.007 | M13: =F13 -> 100.64 | N13: =L13-M13 -> 0.367 | O13: =H13 -> 38.18 | P13: =N13/O13 -> 0.0096123625 | Q13: =10+16*(O13/1000)/(1.05*((100*P13)^0.04)) -> 10.582711 | R13: =(3609.11*2^0.12)/((Q13+30)^0.95) -> 116.30536 | S13: 0.5 | T13: 0.13 | U13: =166.67*S13*R13/60*T13 -> 20.999998 | V13: =U13-K13 -> -221
B14: Cálculo | C14: Rua Projetada 10A | D14: E0 a E-0+14,30 | E14: 101.15 | F14: 101.03 | G14: =E14-F14 -> 0.12 | H14: 14.3 | I14: =G14/H14 -> 0.0083916084 | J14: 7 | K14: 242 | L14: =E14 -> 101.15 | M14: =F14 -> 101.03 | N14: =L14-M14 -> 0.12 | O14: =H14 -> 14.3 | P14: =N14/O14 -> 0.0083916084 | Q14: =10+16*(O14/1000)/(1.05*((100*P14)^0.04)) -> 10.219439 | R14: =(3609.11*2^0.12)/((Q14+30)^0.95) -> 117.30311 | S14: 0.5 | T14: 0.03 | U14: =166.67*S14*R14/60*T14 -> 4.8877272 | V14: =U14-K14 -> -237.11227
B15: Cálculo | C15: Rua Projetada 10A | D15: E0+14,30 a E4 | E15: 105.19 | F15: 101.03 | G15: =E15-F15 -> 4.16 | H15: 65.7 | I15: =G15/H15 -> 0.063318113 | J15: 7 | K15: 617 | L15: =E15 -> 105.19 | M15: =F15 -> 101.03 | N15: =L15-M15 -> 4.16 | O15: =H15 -> 65.7 | P15: =N15/O15 -> 0.063318113 | Q15: =10+16*(O15/1000)/(1.05*((100*P15)^0.04)) -> 10.929897 | R15: =(3609.11*2^0.12)/((Q15+30)^0.95) -> 115.36793 | S15: 0.5 | T15: 0.2 | U15: =166.67*S15*R15/60*T15 -> 32.047288 | V15: =U15-K15 -> -584.95271
B16: Cálculo | C16: Rua Projetada 10A | D16: E4 a E6+11,55 | E16: 105.19 | F16: 104.32 | G16: =E16-F16 -> 0.87 | H16: 51.5 | I16: =G16/H16 -> 0.016893204 | J16: 7 | K16: 342 | L16: =E16 -> 105.19 | M16: =F16 -> 104.32 | N16: =L16-M16 -> 0.87 | O16: =H16 -> 51.5 | P16: =N16/O16 -> 0.016893204 | Q16: =10+16*(O16/1000)/(1.05*((100*P16)^0.04)) -> 10.768474 | R16: =(3609.11*2^0.12)/((Q16+30)^0.95) -> 115.80185 | S16: 0.5 | T16: 0.11 | U16: =166.67*S16*R16/60*T16 -> 17.692302 | V16: =U16-K16 -> -324.3077
B17: Cálculo | C17: Rua Projetada 10A | D17: E6+11,55 a E7+19,10 | E17: 105.08 | F17: 104.32 | G17: =E17-F17 -> 0.76 | H17: 27.55 | I17: =G17/H17 -> 0.027586207 | J17: 7 | K17: 419 | L17: =E17 -> 105.08 | M17: =F17 -> 104.32 | N17: =L17-M17 -> 0.76 | O17: =H17 -> 27.55 | P17: =N17/O17 -> 0.027586207 | Q17: =10+16*(O17/1000)/(1.05*((100*P17)^0.04)) -> 10.403111 | R17: =(3609.11*2^0.12)/((Q17+30)^0.95) -> 116.79645 | S17: 0.5 | T17: 0.16 | U17: =166.67*S17*R17/60*T17 -> 25.955286 | V17: =U17-K17 -> -393.04471
B18: Cálculo | C18: Rua Projetada 10B | D18: E0 a E-1+11,50 | E18: 104.99 | F18: 102.42 | G18: =E18-F18 -> 2.57 | H18: 31.5 | I18: =G18/H18 -> 0.081587302 | J18: 6 | K18: 465 | L18: =E18 -> 104.99 | M18: =F18 -> 102.42 | N18: =L18-M18 -> 2.57 | O18: =H18 -> 31.5 | P18: =N18/O18 -> 0.081587302 | Q18: =10+16*(O18/1000)/(1.05*((100*P18)^0.04)) -> 10.441343 | R18: =(3609.11*2^0.12)/((Q18+30)^0.95) -> 116.69155 | S18: 0.5 | T18: 0.07 | U18: =166.67*S18*R18/60*T18 -> 11.345239 | V18: =U18-K18 -> -453.65476
B19: Cálculo | C19: Rua Projetada 9A | D19: E0 a E-1+19,80 | E19: 108.63 | F19: 104.58 | G19: =E19-F19 -> 4.05 | H19: 39.8 | I19: =G19/H19 -> 0.10175879 | J19: 6 | K19: 765 | L19: =E19 -> 108.63 | M19: =F19 -> 104.58 | N19: =L19-M19 -> 4.05 | O19: =H19 -> 39.8 | P19: =N19/O19 -> 0.10175879 | Q19: =10+16*(O19/1000)/(1.05*((100*P19)^0.04)) -> 10.552727 | R19: =(3609.11*2^0.12)/((Q19+30)^0.95) -> 116.38705 | S19: 0.5 | T19: 0.1 | U19: =166.67*S19*R19/60*T19 -> 16.165191 | V19: =U19-K19 -> -748.83481
B20: Cálculo | C20: Rua Projetada 9 | D20: E0 a E6+10,67 | E20: 109.13 | F20: 102.45 | G20: =E20-F20 -> 6.68 | H20: 130.67 | I20: =G20/H20 -> 0.051121145 | J20: 6 | K20: 541 | L20: =E20 -> 109.13 | M20: =F20 -> 102.45 | N20: =L20-M20 -> 6.68 | O20: =H20 -> 130.67 | P20: =N20/O20 -> 0.051121145 | Q20: =10+16*(O20/1000)/(1.05*((100*P20)^0.04)) -> 11.86536 | R20: =(3609.11*2^0.12)/((Q20+30)^0.95) -> 112.9176 | S20: 0.5 | T20: 0.47 | U20: =166.67*S20*R20/60*T20 -> 73.711573 | V20: =U20-K20 -> -467.28843
B21: Cálculo | C21: Rua Projetada 9 | D21: E6+10,67 a E7+12,77 | E21: 109.13 | F21: 108.71 | G21: =E21-F21 -> 0.42 | H21: 22.1 | I21: =G21/H21 -> 0.019004525 | J21: 6 | K21: 342 | L21: =E21 -> 109.13 | M21: =F21 -> 108.71 | N21: =L21-M21 -> 0.42 | O21: =H21 -> 22.1 | P21: =N21/O21 -> 0.019004525 | Q21: =10+16*(O21/1000)/(1.05*((100*P21)^0.04)) -> 10.328223 | R21: =(3609.11*2^0.12)/((Q21+30)^0.95) -> 117.00249 | S21: 0.5 | T21: 0.04 | U21: =166.67*S21*R21/60*T21 -> 6.5002681 | V21: =U21-K21 -> -335.49973
B22: Cálculo | C22: Rua Projetada 8 | D22: E0 a E2 | E22: 104.35 | F22: 103.71 | G22: =E22-F22 -> 0.64 | H22: 40 | I22: =G22/H22 -> 0.016 | J22: 5 | K22: 342 | L22: =E22 -> 104.35 | M22: =F22 -> 103.71 | N22: =L22-M22 -> 0.64 | O22: =H22 -> 40 | P22: =N22/O22 -> 0.016 | Q22: =10+16*(O22/1000)/(1.05*((100*P22)^0.04)) -> 10.598172 | R22: =(3609.11*2^0.12)/((Q22+30)^0.95) -> 116.26328 | S22: 0.5 | T22: 0.09 | U22: =166.67*S22*R22/60*T22 -> 14.5332 | V22: =U22-K22 -> -327.4668
B23: Cálculo | C23: Rua Projetada 8 | D23: E2 a E12+7,49 | E23: 114.04 | F23: 103.71 | G23: =E23-F23 -> 10.33 | H23: 207.49 | I23: =G23/H23 -> 0.049785532 | J23: 5 | K23: 541 | L23: =E23 -> 114.04 | M23: =F23 -> 103.71 | N23: =L23-M23 -> 10.33 | O23: =H23 -> 207.49 | P23: =N23/O23 -> 0.049785532 | Q23: =10+16*(O23/1000)/(1.05*((100*P23)^0.04)) -> 12.96513 | R23: =(3609.11*2^0.12)/((Q23+30)^0.95) -> 110.17001 | S23: 0.5 | T23: 1.67 | U23: =166.67*S23*R23/60*T23 -> 255.53833 | V23: =U23-K23 -> -285.46167
... B65: Cálculo | C65: Rua José Marques da Silva | D65: E6+4,76 a E9+2,30 | E65: 105.09 | F65: 101.31 | G65: =E65-F65 -> 3.78 | H65: 57.54 | I65: =G65/H65 -> 0.065693431 | J65: 5 | K65: 617 | L65: =E65 -> 105.09 | M65: =F65 -> 101.31 | N65: =L65-M65 -> 3.78 | O65: =H65 -> 57.54 | P65: =N65/O65 -> 0.065693431 | Q65: =10+16*(O65/1000)/(1.05*((100*P65)^0.04)) -> 10.813204 | R65: =(3609.11*2^0.12)/((Q65+30)^0.95) -> 115.68127 | S65: 0.5 | T65: 0.14 | U65: =166.67*S65*R65/60*T65 -> 22.494031 | V65: =U65-K65 -> -594.50597
